Workbook

Sheet VERIFICACIÓN ECONÓMICA
A1: MANTENIMIENTO PREVENTIVO Y CORRECTIVO Y ADECUACIÓN A TODO COSTO DE LOS CONTENEDORES (SHELTERS) DE LA FTC OMEGA - PAC RADAR DE SAN JOSE DEL GUAVIARE Y TORRE RADAR DE CONFORMIDAD CON LAS ESPECIFICACIONES TECNICAS. | E1: ECONTAINERS S.A.S. | I1: PROYECTOS Y SOLUCIONES EN INGENIERIA S.A.S. | M1: CONSORCIO VENTURA | Q1: FABIO GARZON DAZA | U1: SKYTECH S.A.S
A2: ÍTEM | B2: ACTIVIDAD | C2: UND | D2: CANTIDAD | E2: CANT | G2: VALOR UNITARIO | H2: VALOR PARCIAL | I2: CANT | K2: VALOR UNITARIO | L2: VALOR PARCIAL | M2: CANT | O2: VALOR UNITARIO | P2: VALOR PARCIAL | Q2: CANT | S2: VALOR UNITARIO | T2: VALOR PARCIAL
A3: 6 | B3: =+[1]APU!C522 -> ACABADOS E IMPERMEABILIZACIONES
A4: 6.1 | B4: ALISTADO DE PISO EN CONCRETO DE 3000 PSI E=0.05 MTS (PREPARACIÓN DE SUPERFICIE) | C4: M² | D4: 20 | E4: =VLOOKUP($A$2:$A$42,'ECONTAINERS S.A.S.'!B:G,5,0) -> 20 | F4: =+E4-D4 -> 0 | G4: =VLOOKUP($A$2:$A$42,'ECONTAINERS S.A.S.'!B:E,4,0) -> 35000 | H4: =+E4*G4 -> 700000 | I4: =VLOOKUP($A$2:$A$42,'PROYECTOS Y SOLUCIONES EN INGEN'!B:G,5,0) -> 20 | J4: =+I4-D4 -> 0 | K4: =VLOOKUP($A$2:$A$42,'PROYECTOS Y SOLUCIONES EN INGEN'!B:E,4,0) -> 35553 | L4: =+K4*I4 -> 711060 | M4: =VLOOKUP($A$2:$A$42,'CONSORCIO VENTURA'!B:F,5,0) -> 20 | N4: =+M4-D4 -> 0 | O4: =VLOOKUP($A$2:$A$42,'CONSORCIO VENTURA'!B:E,4,0) -> 35610.557 | P4: =+O4*M4 -> 712211.15 | Q4: =VLOOKUP($A$2:$A$42,'FABIO GARZON DAZA'!B:F,5,0) -> 20 | R4: =+Q4-D4 -> 0 | S4: =VLOOKUP($A$2:$A$42,'FABIO GARZON DAZA'!B:E,4,0) -> 35143 | T4: =+S4*Q4 -> 702860 | U4: =VLOOKUP($A$2:$A$42,'SKYTECH S.A.S'!B:F,5,0) -> 20 | V4: =+U4-D4 -> 0 | W4: =VLOOKUP($A$2:$A$42,'SKYTECH S.A.S'!B:E,4,0) -> 36497.18 | X4: =+W4*U4 -> 729943.6
A5: 6.2 | B5: SUMINISTRO E INSTALACION DE SUMINISTRO E INSTALACION DE PISO EN CERAMICA REF: 907012771 (EN BAÑOS A INTERVENIR.) | C5: M² | D5: 20 | E5: =VLOOKUP($A$2:$A$42,'ECONTAINERS S.A.S.'!B:G,5,0) -> 20 | F5: =+E5-D5 -> 0 | G5: =VLOOKUP($A$2:$A$42,'ECONTAINERS S.A.S.'!B:E,4,0) -> 120000 | H5: =+E5*G5 -> 2400000 | I5: =VLOOKUP($A$2:$A$42,'PROYECTOS Y SOLUCIONES EN INGEN'!B:G,5,0) -> 20 | J5: =+I5-D5 -> 0 | K5: =VLOOKUP($A$2:$A$42,'PROYECTOS Y SOLUCIONES EN INGEN'!B:E,4,0) -> 116575 | L5: =+K5*I5 -> 2331500 | M5: =VLOOKUP($A$2:$A$42,'CONSORCIO VENTURA'!B:F,5,0) -> 20 | N5: =+M5-D5 -> 0 | O5: =VLOOKUP($A$2:$A$42,'CONSORCIO VENTURA'!B:E,4,0) -> 116764.73 | P5: =+O5*M5 -> 2335294.6 | Q5: =VLOOKUP($A$2:$A$42,'FABIO GARZON DAZA'!B:F,5,0) -> 20 | R5: =+Q5-D5 -> 0 | S5: =VLOOKUP($A$2:$A$42,'FABIO GARZON DAZA'!B:E,4,0) -> 114030 | T5: =+S5*Q5 -> 2280600 | U5: =VLOOKUP($A$2:$A$42,'SKYTECH S.A.S'!B:F,5,0) -> 20 | V5: =+U5-D5 -> 0 | W5: =VLOOKUP($A$2:$A$42,'SKYTECH S.A.S'!B:E,4,0) -> 119671.9 | X5: =+W5*U5 -> 2393438
A6: 6.3 | B6: SUMINISTRO E INSTALACION DE CERAMICA DE PARED REF: 755039031 (INCLUYE RESANE DEL PAÑETE EXISTENTE Y PIRAGUA EN ALUMINIO BLANCO EN LOS FILOS) (EN LOS BAÑOS A INTERVENIR.) | C6: M² | D6: 60 | E6: =VLOOKUP($A$2:$A$42,'ECONTAINERS S.A.S.'!B:G,5,0) -> 60 | F6: =+E6-D6 -> 0 | G6: =VLOOKUP($A$2:$A$42,'ECONTAINERS S.A.S.'!B:E,4,0) -> 71000 | H6: =+E6*G6 -> 4260000 | I6: =VLOOKUP($A$2:$A$42,'PROYECTOS Y SOLUCIONES EN INGEN'!B:G,5,0) -> 60 | J6: =+I6-D6 -> 0 | K6: =VLOOKUP($A$2:$A$42,'PROYECTOS Y SOLUCIONES EN INGEN'!B:E,4,0) -> 69042 | L6: =+K6*I6 -> 4142520 | M6: =VLOOKUP($A$2:$A$42,'CONSORCIO VENTURA'!B:F,5,0) -> 60 | N6: =+M6-D6 -> 0 | O6: =VLOOKUP($A$2:$A$42,'CONSORCIO VENTURA'!B:E,4,0) -> 69153.957 | P6: =+O6*M6 -> 4149237.4 | Q6: =VLOOKUP($A$2:$A$42,'FABIO GARZON DAZA'!B:F,5,0) -> 60 | R6: =+Q6-D6 -> 0 | S6: =VLOOKUP($A$2:$A$42,'FABIO GARZON DAZA'!B:E,4,0) -> 68245 | T6: =+S6*Q6 -> 4094700 | U6: =VLOOKUP($A$2:$A$42,'SKYTECH S.A.S'!B:F,5,0) -> 60 | V6: =+U6-D6 -> 0 | W6: =VLOOKUP($A$2:$A$42,'SKYTECH S.A.S'!B:E,4,0) -> 70875.73 | X6: =+W6*U6 -> 4252543.8
A7: 7 | B7: =+[1]APU!C642 -> CIELO RASO
A8: 7.1 | B8: SUMINISTRO E INSTALACIÓN DE CIELO RASO PVC 10 MM (INCLUYE ESTRUCTURA Y COMPUERTAS PARA INSPECCION) Y TODOS LOS ACCESORIOS PARA SU CORRECTA INSTALACIÓN | C8: M² | D8: 20 | E8: =VLOOKUP($A$2:$A$42,'ECONTAINERS S.A.S.'!B:G,5,0) -> 20 | F8: =+E8-D8 -> 0 | G8: =VLOOKUP($A$2:$A$42,'ECONTAINERS S.A.S.'!B:E,4,0) -> 103400 | H8: =+E8*G8 -> 2068000 | I8: =VLOOKUP($A$2:$A$42,'PROYECTOS Y SOLUCIONES EN INGEN'!B:G,5,0) -> 20 | J8: =+I8-D8 -> 0 | K8: =VLOOKUP($A$2:$A$42,'PROYECTOS Y SOLUCIONES EN INGEN'!B:E,4,0) -> 103795 | L8: =+K8*I8 -> 2075900 | M8: =VLOOKUP($A$2:$A$42,'CONSORCIO VENTURA'!B:F,5,0) -> 20 | N8: =+M8-D8 -> 0 | O8: =VLOOKUP($A$2:$A$42,'CONSORCIO VENTURA'!B:E,4,0) -> 103963.92 | P8: =+O8*M8 -> 2079278.3 | Q8: =VLOOKUP($A$2:$A$42,'FABIO GARZON DAZA'!B:F,5,0) -> 20 | R8: =+Q8-D8 -> 0 | S8: =VLOOKUP($A$2:$A$42,'FABIO GARZON DAZA'!B:E,4,0) -> 100641 | T8: =+S8*Q8 -> 2012820 | U8: =VLOOKUP($A$2:$A$42,'SKYTECH S.A.S'!B:F,5,0) -> 20 | V8: =+U8-D8 -> 0 | W8: =VLOOKUP($A$2:$A$42,'SKYTECH S.A.S'!B:E,4,0) -> 106552.38 | X8: =+W8*U8 -> 2131047.6
A9: 8 | B9: =+[1]APU!C681 -> APARATOS SANITARIOS Y ACCESORIOS
A10: 8.1 | B10: SUMINISTRO E INSTALACIÓN DE SANITARIO DE UNA PIEZA ARO ALONGADO ALTO 71 CM MATERIAL PORCELANA SANITARIA ANCHO 35 CM AHORRO DE AGUA TIPO DE DESCARGA DOBLE SISTEMA DE DESCARGA BOTON | C10: Un | D10: 6 | E10: =VLOOKUP($A$2:$A$42,'ECONTAINERS S.A.S.'!B:G,5,0) -> 6 | F10: =+E10-D10 -> 0 | G10: =VLOOKUP($A$2:$A$42,'ECONTAINERS S.A.S.'!B:E,4,0) -> 517500 | H10: =+E10*G10 -> 3105000 | I10: =VLOOKUP($A$2:$A$42,'PROYECTOS Y SOLUCIONES EN INGEN'!B:G,5,0) -> 6 | J10: =+I10-D10 -> 0 | K10: =VLOOKUP($A$2:$A$42,'PROYECTOS Y SOLUCIONES EN INGEN'!B:E,4,0) -> 523517 | L10: =+K10*I10 -> 3141102 | M10: =VLOOKUP($A$2:$A$42,'CONSORCIO VENTURA'!B:F,5,0) -> 6 | N10: =+M10-D10 -> 0 | O10: =VLOOKUP($A$2:$A$42,'CONSORCIO VENTURA'!B:E,4,0) -> 520362.4 | P10: =+O10*M10 -> 3122174.4 | Q10: =VLOOKUP($A$2:$A$42,'FABIO GARZON DAZA'!B:F,5,0) -> 6 | R10: =+Q10-D10 -> 0 | S10: =VLOOKUP($A$2:$A$42,'FABIO GARZON DAZA'!B:E,4,0) -> 526899 | T10: =+S10*Q10 -> 3161394 | U10: =VLOOKUP($A$2:$A$42,'SKYTECH S.A.S'!B:F,5,0) -> 6 | V10: =+U10-D10 -> 0 | W10: =VLOOKUP($A$2:$A$42,'SKYTECH S.A.S'!B:E,4,0) -> 533318.33 | X10: =+W10*U10 -> 3199910
A11: 8.2 | B11: SUMINISTRO E INSTALACIÓN DE LAVAMANOS DE SOBREPONER OVALADO BLANCO 39X32,5X14 CM INCLUYE GRIFERIA MONOCONTROL MATERIAL ACERO - ABS ALTO 29CM | C11: Un | D11: 6 | E11: =VLOOKUP($A$2:$A$42,'ECONTAINERS S.A.S.'!B:G,5,0) -> 6 | F11: =+E11-D11 -> 0 | G11: =VLOOKUP($A$2:$A$42,'ECONTAINERS S.A.S.'!B:E,4,0) -> 363800 | H11: =+E11*G11 -> 2182800 | I11: =VLOOKUP($A$2:$A$42,'PROYECTOS Y SOLUCIONES EN INGEN'!B:G,5,0) -> 6 | J11: =+I11-D11 -> 0 | K11: =VLOOKUP($A$2:$A$42,'PROYECTOS Y SOLUCIONES EN INGEN'!B:E,4,0) -> 381845 | L11: =+K11*I11 -> 2291070 | M11: =VLOOKUP($A$2:$A$42,'CONSORCIO VENTURA'!B:F,5,0) -> 6 | N11: =+M11-D11 -> 0 | O11: =VLOOKUP($A$2:$A$42,'CONSORCIO VENTURA'!B:E,4,0) -> 372450.22 | P11: =+O11*M11 -> 2234701.3 | Q11: =VLOOKUP($A$2:$A$42,'FABIO GARZON DAZA'!B:F,5,0) -> 6 | R11: =+Q11-D11 -> 0 | S11: =VLOOKUP($A$2:$A$42,'FABIO GARZON DAZA'!B:E,4,0) -> 377129 | T11: =+S11*Q11 -> 2262774 | U11: =VLOOKUP($A$2:$A$42,'SKYTECH S.A.S'!B:F,5,0) -> 6 | V11: =+U11-D11 -> 0 | W11: =VLOOKUP($A$2:$A$42,'SKYTECH S.A.S'!B:E,4,0) -> 381723.56 | X11: =+W11*U11 -> 2290341.4
A12: 8.3 | B12: SUMINISTRO E INSTALACIÓN DE GRIFERÍA DUCHA 8 PULGADAS (20CM LARGO) | C12: Un | D12: 6 | E12: =VLOOKUP($A$2:$A$42,'ECONTAINERS S.A.S.'!B:G,5,0) -> 6 | F12: =+E12-D12 -> 0 | G12: =VLOOKUP($A$2:$A$42,'ECONTAINERS S.A.S.'!B:E,4,0) -> 106600 | H12: =+E12*G12 -> 639600 | I12: =VLOOKUP($A$2:$A$42,'PROYECTOS Y SOLUCIONES EN INGEN'!B:G,5,0) -> 6 | J12: =+I12-D12 -> 0 | K12: =VLOOKUP($A$2:$A$42,'PROYECTOS Y SOLUCIONES EN INGEN'!B:E,4,0) -> 111007 | L12: =+K12*I12 -> 666042 | M12: =VLOOKUP($A$2:$A$42,'CONSORCIO VENTURA'!B:F,5,0) -> 6 | N12: =+M12-D12 -> 0 | O12: =VLOOKUP($A$2:$A$42,'CONSORCIO VENTURA'!B:E,4,0) -> 111187.78 | P12: =+O12*M12 -> 667126.69 | Q12: =VLOOKUP($A$2:$A$42,'FABIO GARZON DAZA'!B:F,5,0) -> 6 | R12: =+Q12-D12 -> 0 | S12: =VLOOKUP($A$2:$A$42,'FABIO GARZON DAZA'!B:E,4,0) -> 109727 | T12: =+S12*Q12 -> 658362 | U12: =VLOOKUP($A$2:$A$42,'SKYTECH S.A.S'!B:F,5,0) -> 6 | V12: =+U12-D12 -> 0 | W12: =VLOOKUP($A$2:$A$42,'SKYTECH S.A.S'!B:E,4,0) -> 113956.1 | X12: =+W12*U12 -> 683736.6
A13: 8.4 | B13: SUMINISTRO E INSTALACIÓN DE TAPA REGISTROS 20 X 20 CM PLÁSTICAS | C13: Un | D13: 6 | E13: =VLOOKUP($A$2:$A$42,'ECONTAINERS S.A.S.'!B:G,5,0) -> 6 | F13: =+E13-D13 -> 0 | G13: =VLOOKUP($A$2:$A$42,'ECONTAINERS S.A.S.'!B:E,4,0) -> 25600 | H13: =+E13*G13 -> 153600 | I13: =VLOOKUP($A$2:$A$42,'PROYECTOS Y SOLUCIONES EN INGEN'!B:G,5,0) -> 6 | J13: =+I13-D13 -> 0 | K13: =VLOOKUP($A$2:$A$42,'PROYECTOS Y SOLUCIONES EN INGEN'!B:E,4,0) -> 28546 | L13: =+K13*I13 -> 171276 | M13: =VLOOKUP($A$2:$A$42,'CONSORCIO VENTURA'!B:F,5,0) -> 6 | N13: =+M13-D13 -> 0 | O13: =VLOOKUP($A$2:$A$42,'CONSORCIO VENTURA'!B:E,4,0) -> 28591.95 | P13: =+O13*M13 -> 171551.7 | Q13: =VLOOKUP($A$2:$A$42,'FABIO GARZON DAZA'!B:F,5,0) -> 6 | R13: =+Q13-D13 -> 0 | S13: =VLOOKUP($A$2:$A$42,'FABIO GARZON DAZA'!B:E,4,0) -> 28216 | T13: =+S13*Q13 -> 169296 | U13: =VLOOKUP($A$2:$A$42,'SKYTECH S.A.S'!B:F,5,0) -> 6 | V13: =+U13-D13 -> 0 | W13: =VLOOKUP($A$2:$A$42,'SKYTECH S.A.S'!B:E,4,0) -> 29303.82 | X13: =+W13*U13 -> 175822.92
A14: 8.5 | B14: SUMINISTRO E INSTALACIÓN DE REJILLA PLÁSTICA SOSCO 3 X 2 | C14: Un | D14: 6 | E14: =VLOOKUP($A$2:$A$42,'ECONTAINERS S.A.S.'!B:G,5,0) -> 6 | F14: =+E14-D14 -> 0 | G14: =VLOOKUP($A$2:$A$42,'ECONTAINERS S.A.S.'!B:E,4,0) -> 12100 | H14: =+E14*G14 -> 72600 | I14: =VLOOKUP($A$2:$A$42,'PROYECTOS Y SOLUCIONES EN INGEN'!B:G,5,0) -> 6 | J14: =+I14-D14 -> 0 | K14: =VLOOKUP($A$2:$A$42,'PROYECTOS Y SOLUCIONES EN INGEN'!B:E,4,0) -> 14114 | L14: =+K14*I14 -> 84684 | M14: =VLOOKUP($A$2:$A$42,'CONSORCIO VENTURA'!B:F,5,0) -> 6 | N14: =+M14-D14 -> 0 | O14: =VLOOKUP($A$2:$A$42,'CONSORCIO VENTURA'!B:E,4,0) -> 14137.412 | P14: =+O14*M14 -> 84824.47 | Q14: =VLOOKUP($A$2:$A$42,'FABIO GARZON DAZA'!B:F,5,0) -> 6 | R14: =+Q14-D14 -> 0 | S14: =VLOOKUP($A$2:$A$42,'FABIO GARZON DAZA'!B:E,4,0) -> 13952 | T14: =+S14*Q14 -> 83712 | U14: =VLOOKUP($A$2:$A$42,'SKYTECH S.A.S'!B:F,5,0) -> 6 | V14: =+U14-D14 -> 0 | W14: =VLOOKUP($A$2:$A$42,'SKYTECH S.A.S'!B:E,4,0) -> 14489.4 | X14: =+W14*U14 -> 86936.4
A15: 8.6 | B15: SUMINISTRO E INSTALACIÓN DE JABONERA DE PORCELANA | C15: Un | D15: 6 | E15: =VLOOKUP($A$2:$A$42,'ECONTAINERS S.A.S.'!B:G,5,0) -> 6 | F15: =+E15-D15 -> 0 | G15: =VLOOKUP($A$2:$A$42,'ECONTAINERS S.A.S.'!B:E,4,0) -> 57200 | H15: =+E15*G15 -> 343200 | I15: =VLOOKUP($A$2:$A$42,'PROYECTOS Y SOLUCIONES EN INGEN'!B:G,5,0) -> 6 | J15: =+I15-D15 -> 0 | K15: =VLOOKUP($A$2:$A$42,'PROYECTOS Y SOLUCIONES EN INGEN'!B:E,4,0) -> 59394 | L15: =+K15*I15 -> 356364 | M15: =VLOOKUP($A$2:$A$42,'CONSORCIO VENTURA'!B:F,5,0) -> 6 | N15: =+M15-D15 -> 0 | O15: =VLOOKUP($A$2:$A$42,'CONSORCIO VENTURA'!B:E,4,0) -> 59490.361 | P15: =+O15*M15 -> 356942.17 | Q15: =VLOOKUP($A$2:$A$42,'FABIO GARZON DAZA'!B:F,5,0) -> 6 | R15: =+Q15-D15 -> 0 | S15: =VLOOKUP($A$2:$A$42,'FABIO GARZON DAZA'!B:E,4,0) -> 58709 | T15: =+S15*Q15 -> 352254 | U15: =VLOOKUP($A$2:$A$42,'SKYTECH S.A.S'!B:F,5,0) -> 6 | V15: =+U15-D15 -> 0 | W15: =VLOOKUP($A$2:$A$42,'SKYTECH S.A.S'!B:E,4,0) -> 60971.54 | X15: =+W15*U15 -> 365829.24
A16: 8.7 | B16: SUMINISTRO E INSTALACIÓN TOALLERO METALICO TERMINACION EN CROMO | C16: Un | D16: 6 | E16: =VLOOKUP($A$2:$A$42,'ECONTAINERS S.A.S.'!B:G,5,0) -> 6 | F16: =+E16-D16 -> 0 | G16: =VLOOKUP($A$2:$A$42,'ECONTAINERS S.A.S.'!B:E,4,0) -> 47000 | H16: =+E16*G16 -> 282000 | I16: =VLOOKUP($A$2:$A$42,'PROYECTOS Y SOLUCIONES EN INGEN'!B:G,5,0) -> 6 | J16: =+I16-D16 -> 0 | K16: =VLOOKUP($A$2:$A$42,'PROYECTOS Y SOLUCIONES EN INGEN'!B:E,4,0) -> 45892 | L16: =+K16*I16 -> 275352 | M16: =VLOOKUP($A$2:$A$42,'CONSORCIO VENTURA'!B:F,5,0) -> 6 | N16: =+M16-D16 -> 0 | O16: =VLOOKUP($A$2:$A$42,'CONSORCIO VENTURA'!B:E,4,0) -> 45966.773 | P16: =+O16*M16 -> 275800.64 | Q16: =VLOOKUP($A$2:$A$42,'FABIO GARZON DAZA'!B:F,5,0) -> 6 | R16: =+Q16-D16 -> 0 | S16: =VLOOKUP($A$2:$A$42,'FABIO GARZON DAZA'!B:E,4,0) -> 45363 | T16: =+S16*Q16 -> 272178 | U16: =VLOOKUP($A$2:$A$42,'SKYTECH S.A.S'!B:F,5,0) -> 6 | V16: =+U16-D16 -> 0 | W16: =VLOOKUP($A$2:$A$42,'SKYTECH S.A.S'!B:E,4,0) -> 47111.33 | X16: =+W16*U16 -> 282667.98
A17: 9 | B17: =+[1]APU!C942 -> INSTALACIONES ELECTRICAS
A18: 9,1- | B18: SUMINISTRO INSTALACIÓN Y PUESTA EN SERVICIO DE TOMACORRIENTE DOBLE MONOFÁSICA 15A./120V.(1Ø+N+PT) CON PROTECCIÓN POR FALLA A TIERRA (GFCI) (RED NORMAL), INCLUYE TUBERÍA PVC 3/4", SALIDA EN CABLEADO (PE, HF, FR, LS, LIBRE DE HALÓGENOS, RETARDANTE A LA LLAMA, BAJA EMISIÓN DE HUMOS) ACCESORIOS NECESARIOS PARA GARANTIZAR SU CORRECTA INSTALACIÓN Y PUESTA EN SERVICIO. | C18: Un | D18: 6 | E18: =VLOOKUP($A$2:$A$42,'ECONTAINERS S.A.S.'!B:G,5,0) -> 6 | F18: =+E18-D18 -> 0 | G18: =VLOOKUP($A$2:$A$42,'ECONTAINERS S.A.S.'!B:E,4,0) -> 82800 | H18: =+E18*G18 -> 496800 | I18: =VLOOKUP($A$2:$A$42,'PROYECTOS Y SOLUCIONES EN INGEN'!B:G,5,0) -> 6 | J18: =+I18-D18 -> 0 | K18: =VLOOKUP($A$2:$A$42,'PROYECTOS Y SOLUCIONES EN INGEN'!B:E,4,0) -> 81300 | L18: =+K18*I18 -> 487800 | M18: =VLOOKUP($A$2:$A$42,'CONSORCIO VENTURA'!B:F,5,0) -> 6 | N18: =+M18-D18 -> 0 | O18: =VLOOKUP($A$2:$A$42,'CONSORCIO VENTURA'!B:E,4,0) -> 81432.387 | P18: =+O18*M18 -> 488594.32 | Q18: =VLOOKUP($A$2:$A$42,'FABIO GARZON DAZA'!B:F,5,0) -> 6 | R18: =+Q18-D18 -> 0 | S18: =VLOOKUP($A$2:$A$42,'FABIO GARZON DAZA'!B:E,4,0) -> 80363 | T18: =+S18*Q18 -> 482178 | U18: =VLOOKUP($A$2:$A$42,'SKYTECH S.A.S'!B:F,5,0) -> 6 | V18: =+U18-D18 -> 0 | W18: =VLOOKUP($A$2:$A$42,'SKYTECH S.A.S'!B:E,4,0) -> 83459.92 | X18: =+W18*U18 -> 500759.52
A19: 9.2 | B19: INSTALACION A TODO COSTO TUBERÍA PVC 1/2" X 3 MTS PARA PUNTOS ELÉCTRICO EN CIELO RASO DRYWALL Y ALAMBRADO SEGÚN NORMA RETIE + ACCESORIOS. (NO INCLUYE ALAMBRADO) + TRANSPORTE. | C19: ML | D19: 60 | E19: =VLOOKUP($A$2:$A$42,'ECONTAINERS S.A.S.'!B:G,5,0) -> 60 | F19: =+E19-D19 -> 0 | G19: =VLOOKUP($A$2:$A$42,'ECONTAINERS S.A.S.'!B:E,4,0) -> 12800 | H19: =+E19*G19 -> 768000 | I19: =VLOOKUP($A$2:$A$42,'PROYECTOS Y SOLUCIONES EN INGEN'!B:G,5,0) -> 60 | J19: =+I19-D19 -> 0 | K19: =VLOOKUP($A$2:$A$42,'PROYECTOS Y SOLUCIONES EN INGEN'!B:E,4,0) -> 12994 | L19: =+K19*I19 -> 779640 | M19: =VLOOKUP($A$2:$A$42,'CONSORCIO VENTURA'!B:F,5,0) -> 60 | N19: =+M19-D19 -> 0 | O19: =VLOOKUP($A$2:$A$42,'CONSORCIO VENTURA'!B:E,4,0) -> 13014.824 | P19: =+O19*M19 -> 780889.42 | Q19: =VLOOKUP($A$2:$A$42,'FABIO GARZON DAZA'!B:F,5,0) -> 60 | R19: =+Q19-D19 -> 0 | S19: =VLOOKUP($A$2:$A$42,'FABIO GARZON DAZA'!B:E,4,0) -> 12844 | T19: =+S19*Q19 -> 770640 | U19: =VLOOKUP($A$2:$A$42,'SKYTECH S.A.S'!B:F,5,0) -> 60 | V19: =+U19-D19 -> 0 | W19: =VLOOKUP($A$2:$A$42,'SKYTECH S.A.S'!B:E,4,0) -> 13339.23 | X19: =+W19*U19 -> 800353.8
A20: 9.3 | B20: INSTALACION A TODO COSTO ALAMBRADO DE PUNTOS Y RED LIBRE DE ALUROGENOS # 12, CON RECUBRIMIENTO POR COLOR BLANCO, INCLUYE INSTALACIÓN Y DEMÁS ACCESORIOS SEGÚN NORMA RETIE + TRANSPORTE. | C20: ML | D20: 420 | E20: =VLOOKUP($A$2:$A$42,'ECONTAINERS S.A.S.'!B:G,5,0) -> 420 | F20: =+E20-D20 -> 0 | G20: =VLOOKUP($A$2:$A$42,'ECONTAINERS S.A.S.'!B:E,4,0) -> 12000 | H20: =+E20*G20 -> 5040000 | I20: =VLOOKUP($A$2:$A$42,'PROYECTOS Y SOLUCIONES EN INGEN'!B:G,5,0) -> 420 | J20: =+I20-D20 -> 0 | K20: =VLOOKUP($A$2:$A$42,'PROYECTOS Y SOLUCIONES EN INGEN'!B:E,4,0) -> 11816 | L20: =+K20*I20 -> 4962720 | M20: =VLOOKUP($A$2:$A$42,'CONSORCIO VENTURA'!B:F,5,0) -> 420 | N20: =+M20-D20 -> 0 | O20: =VLOOKUP($A$2:$A$42,'CONSORCIO VENTURA'!B:E,4,0) -> 11834.841 | P20: =+O20*M20 -> 4970633.4 | Q20: =VLOOKUP($A$2:$A$42,'FABIO GARZON DAZA'!B:F,5,0) -> 420 | R20: =+Q20-D20 -> 0 | S20: =VLOOKUP($A$2:$A$42,'FABIO GARZON DAZA'!B:E,4,0) -> 11679 | T20: =+S20*Q20 -> 4905180 | U20: =VLOOKUP($A$2:$A$42,'SKYTECH S.A.S'!B:F,5,0) -> 420 | V20: =+U20-D20 -> 0 | W20: =VLOOKUP($A$2:$A$42,'SKYTECH S.A.S'!B:E,4,0) -> 12129.51 | X20: =+W20*U20 -> 5094394.2
A21: 9.4 | B21: INSTALACION A TODO COSTO ALAMBRADO DE PUNTOS Y RED LIBRE DE ALUROGENOS # 12, CON RECUBRIMIENTO POR COLOR ROJO , INCLUYE INSTALACIÓN Y DEMÁS ACCESORIOS SEGÚN NORMA RETIE + TRANSPORTE. | C21: ML | D21: 420 | E21: =VLOOKUP($A$2:$A$42,'ECONTAINERS S.A.S.'!B:G,5,0) -> 420 | F21: =+E21-D21 -> 0 | G21: =VLOOKUP($A$2:$A$42,'ECONTAINERS S.A.S.'!B:E,4,0) -> 12000 | H21: =+E21*G21 -> 5040000 | I21: =VLOOKUP($A$2:$A$42,'PROYECTOS Y SOLUCIONES EN INGEN'!B:G,5,0) -> 420 | J21: =+I21-D21 -> 0 | K21: =VLOOKUP($A$2:$A$42,'PROYECTOS Y SOLUCIONES EN INGEN'!B:E,4,0) -> 11816 | L21: =+K21*I21 -> 4962720 | M21: =VLOOKUP($A$2:$A$42,'CONSORCIO VENTURA'!B:F,5,0) -> 420 | N21: =+M21-D21 -> 0 | O21: =VLOOKUP($A$2:$A$42,'CONSORCIO VENTURA'!B:E,4,0) -> 11834.841 | P21: =+O21*M21 -> 4970633.4 | Q21: =VLOOKUP($A$2:$A$42,'FABIO GARZON DAZA'!B:F,5,0) -> 420 | R21: =+Q21-D21 -> 0 | S21: =VLOOKUP($A$2:$A$42,'FABIO GARZON DAZA'!B:E,4,0) -> 11679 | T21: =+S21*Q21 -> 4905180 | U21: =VLOOKUP($A$2:$A$42,'SKYTECH S.A.S'!B:F,5,0) -> 420 | V21: =+U21-D21 -> 0 | W21: =VLOOKUP($A$2:$A$42,'SKYTECH S.A.S'!B:E,4,0) -> 12129.51 | X21: =+W21*U21 -> 5094394.2
A22: 9.5 | B22: INSTALACION A TODO COSTO ALAMBRADO DE PUNTOS Y RED LIBRE DE ALUROGENOS # 12, CON RECUBRIMIENTO POR COLOR VERDE , INCLUYE INSTALACIÓN Y DEMÁS ACCESORIOS SEGÚN NORMA RETIE + TRANSPORTE. | C22: ML | D22: 420 | E22: =VLOOKUP($A$2:$A$42,'ECONTAINERS S.A.S.'!B:G,5,0) -> 420 | F22: =+E22-D22 -> 0 | G22: =VLOOKUP($A$2:$A$42,'ECONTAINERS S.A.S.'!B:E,4,0) -> 12000 | H22: =+E22*G22 -> 5040000 | I22: =VLOOKUP($A$2:$A$42,'PROYECTOS Y SOLUCIONES EN INGEN'!B:G,5,0) -> 420 | J22: =+I22-D22 -> 0 | K22: =VLOOKUP($A$2:$A$42,'PROYECTOS Y SOLUCIONES EN INGEN'!B:E,4,0) -> 11816 | L22: =+K22*I22 -> 4962720 | M22: =VLOOKUP($A$2:$A$42,'CONSORCIO VENTURA'!B:F,5,0) -> 420 | N22: =+M22-D22 -> 0 | O22: =VLOOKUP($A$2:$A$42,'CONSORCIO VENTURA'!B:E,4,0) -> 11834.841 | P22: =+O22*M22 -> 4970633.4 | Q22: =VLOOKUP($A$2:$A$42,'FABIO GARZON DAZA'!B:F,5,0) -> 420 | R22: =+Q22-D22 -> 0 | S22: =VLOOKUP($A$2:$A$42,'FABIO GARZON DAZA'!B:E,4,0) -> 11679 | T22: =+S22*Q22 -> 4905180 | U22: =VLOOKUP($A$2:$A$42,'SKYTECH S.A.S'!B:F,5,0) -> 420 | V22: =+U22-D22 -> 0 | W22: =VLOOKUP($A$2:$A$42,'SKYTECH S.A.S'!B:E,4,0) -> 12129.51 | X22: =+W22*U22 -> 5094394.2
A23: 9.6 | B23: ADECUACIÓN A TODO COSTO INSTALACIÓN DE INTERRUPTOR SENCILLO LÍNEA ARQUEA PREARMADA DE IGUAL O SUPERIORES CARACTERÍSTICAS TÉCNICAS PREVIAMENTE AUTORIZADAS POR LA SUPERVISIÓN, SEGÚN NORMA RETIE, INCLUYE ASEO Y TRANSPORTE. | C23: UN | D23: 6 | E23: =VLOOKUP($A$2:$A$42,'ECONTAINERS S.A.S.'!B:G,5,0) -> 6 | F23: =+E23-D23 -> 0 | G23: =VLOOKUP($A$2:$A$42,'ECONTAINERS S.A.S.'!B:E,4,0) -> 39800 | H23: =+E23*G23 -> 238800 | I23: =VLOOKUP($A$2:$A$42,'PROYECTOS Y SOLUCIONES EN INGEN'!B:G,5,0) -> 6 | J23: =+I23-D23 -> 0 | K23: =VLOOKUP($A$2:$A$42,'PROYECTOS Y SOLUCIONES EN INGEN'!B:E,4,0) -> 39903 | L23: =+K23*I23 -> 239418 | M23: =VLOOKUP($A$2:$A$42,'CONSORCIO VENTURA'!B:F,5,0) -> 6 | N23: =+M23-D23 -> 0 | O23: =VLOOKUP($A$2:$A$42,'CONSORCIO VENTURA'!B:E,4,0) -> 39967.639 | P23: =+O23*M23 -> 239805.83 | Q23: =VLOOKUP($A$2:$A$42,'FABIO GARZON DAZA'!B:F,5,0) -> 6 | R23: =+Q23-D23 -> 0 | S23: =VLOOKUP($A$2:$A$42,'FABIO GARZON DAZA'!B:E,4,0) -> 39443 | T23: =+S23*Q23 -> 236658 | U23: =VLOOKUP($A$2:$A$42,'SKYTECH S.A.S'!B:F,5,0) -> 6 | V23: =+U23-D23 -> 0 | W23: =VLOOKUP($A$2:$A$42,'SKYTECH S.A.S'!B:E,4,0) -> 40962.75 | X23: =+W23*U23 -> 245776.5
A24: 9.7 | B24: INSTALACIÓN A TODO COSTO DE TOMACORRIENTE DOBLE CON POLO A TIERRA (2P+T) LÍNEA ARQUEA PREARMADA DE IGUAL O SUPERIORES CARACTERÍSTICAS TÉCNICAS PREVIAMENTE AUTORIZADAS POR LA SUPERVISIÓN, SEGÚN NORMA RETIE, INCLUYE ASEO Y TRANSPORTE. | C24: UN | D24: 24 | E24: =VLOOKUP($A$2:$A$42,'ECONTAINERS S.A.S.'!B:G,5,0) -> 24 | F24: =+E24-D24 -> 0 | G24: =VLOOKUP($A$2:$A$42,'ECONTAINERS S.A.S.'!B:E,4,0) -> 23800 | H24: =+E24*G24 -> 571200 | I24: =VLOOKUP($A$2:$A$42,'PROYECTOS Y SOLUCIONES EN INGEN'!B:G,5,0) -> 24 | J24: =+I24-D24 -> 0 | K24: =VLOOKUP($A$2:$A$42,'PROYECTOS Y SOLUCIONES EN INGEN'!B:E,4,0) -> 22209 | L24: =+K24*I24 -> 533016 | M24: =VLOOKUP($A$2:$A$42,'CONSORCIO VENTURA'!B:F,5,0) -> 24 | N24: =+M24-D24 -> 0 | O24: =VLOOKUP($A$2:$A$42,'CONSORCIO VENTURA'!B:E,4,0) -> 26251.441 | P24: =+O24*M24 -> 630034.59 | Q24: =VLOOKUP($A$2:$A$42,'FABIO GARZON DAZA'!B:F,5,0) -> 24 | R24: =+Q24-D24 -> 0 | S24: =VLOOKUP($A$2:$A$42,'FABIO GARZON DAZA'!B:E,4,0) -> 25907 | T24: =+S24*Q24 -> 621768 | U24: =VLOOKUP($A$2:$A$42,'SKYTECH S.A.S'!B:F,5,0) -> 24 | V24: =+U24-D24 -> 0 | W24: =VLOOKUP($A$2:$A$42,'SKYTECH S.A.S'!B:E,4,0) -> 26905.05 | X24: =+W24*U24 -> 645721.2
A25: 9.8 | B25: INSTALACIÓN A TODO COSTO DE PANEL LED INTEGRADO REDONDO DE INCRUSTAR 18W 22,5 CM, DE IGUAL O SUPERIORES CARACTERÍSTICAS TÉCNICAS PREVIAMENTE AUTORIZADAS POR LA SUPERVISIÓN LUZ BLANCA Y/O AMARILLA, SEGÚN NORMA RETIE, INCLUYE ASEO Y TRANSPORTE. | C25: UN | D25: 6 | E25: =VLOOKUP($A$2:$A$42,'ECONTAINERS S.A.S.'!B:G,5,0) -> 6 | F25: =+E25-D25 -> 0 | G25: =VLOOKUP($A$2:$A$42,'ECONTAINERS S.A.S.'!B:E,4,0) -> 39000 | H25: =+E25*G25 -> 234000 | I25: =VLOOKUP($A$2:$A$42,'PROYECTOS Y SOLUCIONES EN INGEN'!B:G,5,0) -> 6 | J25: =+I25-D25 -> 0 | K25: =VLOOKUP($A$2:$A$42,'PROYECTOS Y SOLUCIONES EN INGEN'!B:E,4,0) -> 39644 | L25: =+K25*I25 -> 237864 | M25: =VLOOKUP($A$2:$A$42,'CONSORCIO VENTURA'!B:F,5,0) -> 6 | N25: =+M25-D25 -> 0 | O25: =VLOOKUP($A$2:$A$42,'CONSORCIO VENTURA'!B:E,4,0) -> 39707.907 | P25: =+O25*M25 -> 238247.44 | Q25: =VLOOKUP($A$2:$A$42,'FABIO GARZON DAZA'!B:F,5,0) -> 6 | R25: =+Q25-D25 -> 0 | S25: =VLOOKUP($A$2:$A$42,'FABIO GARZON DAZA'!B:E,4,0) -> 39186 | T25: =+S25*Q25 -> 235116 | U25: =VLOOKUP($A$2:$A$42,'SKYTECH S.A.S'!B:F,5,0) -> 6 | V25: =+U25-D25 -> 0 | W25: =VLOOKUP($A$2:$A$42,'SKYTECH S.A.S'!B:E,4,0) -> 40697.03 | X25: =+W25*U25 -> 244182.18
A26: 9.9 | B26: SIPS BOMBILLO LED 4 ASPAS ESCUALIZABLE 50W6500K | C26: UN | D26: 12 | E26: =VLOOKUP($A$2:$A$42,'ECONTAINERS S.A.S.'!B:G,5,0) -> 12 | F26: =+E26-D26 -> 0 | G26: =VLOOKUP($A$2:$A$42,'ECONTAINERS S.A.S.'!B:E,4,0) -> 81000 | H26: =+E26*G26 -> 972000 | I26: =VLOOKUP($A$2:$A$42,'PROYECTOS Y SOLUCIONES EN INGEN'!B:G,5,0) -> 12 | J26: =+I26-D26 -> 0 | K26: =VLOOKUP($A$2:$A$42,'PROYECTOS Y SOLUCIONES EN INGEN'!B:E,4,0) -> 80063 | L26: =+K26*I26 -> 960756 | M26: =VLOOKUP($A$2:$A$42,'CONSORCIO VENTURA'!B:F,5,0) -> 12 | N26: =+M26-D26 -> 0 | O26: =VLOOKUP($A$2:$A$42,'CONSORCIO VENTURA'!B:E,4,0) -> 80192.092 | P26: =+O26*M26 -> 962305.1 | Q26: =VLOOKUP($A$2:$A$42,'FABIO GARZON DAZA'!B:F,5,0) -> 12 | R26: =+Q26-D26 -> 0 | S26: =VLOOKUP($A$2:$A$42,'FABIO GARZON DAZA'!B:E,4,0) -> 79139 | T26: =+S26*Q26 -> 949668 | U26: =VLOOKUP($A$2:$A$42,'SKYTECH S.A.S'!B:F,5,0) -> 12 | V26: =+U26-D26 -> 0 | W26: =VLOOKUP($A$2:$A$42,'SKYTECH S.A.S'!B:E,4,0) -> 82189.38 | X26: =+W26*U26 -> 986272.56
A27: 9.1 | B27: SUMINISTRO INSTALACIÓN Y PUESTA EN SERVICIO DE SALIDA CON Extractor Ministyle 14 cm x 14 cm, 10.3W, TENSIÓN DE OPERACIÓN 120V, INCLUYE CABLEADO, DUCTERIA, CAJAS, CURVAS Y TODO LO NECESARIO PARA SU CORRECTO FUNCIONAMIENTO. | C27: Un | D27: 6 | E27: =VLOOKUP($A$2:$A$42,'ECONTAINERS S.A.S.'!B:G,5,0) -> 6 | F27: =+E27-D27 -> 0 | G27: =VLOOKUP($A$2:$A$42,'ECONTAINERS S.A.S.'!B:E,4,0) -> 82800 | H27: =+E27*G27 -> 496800 | I27: =VLOOKUP($A$2:$A$42,'PROYECTOS Y SOLUCIONES EN INGEN'!B:G,5,0) -> 6 | J27: =+I27-D27 -> 0 | K27: =VLOOKUP($A$2:$A$42,'PROYECTOS Y SOLUCIONES EN INGEN'!B:E,4,0) -> 189669 | L27: =+K27*I27 -> 1138014 | M27: =VLOOKUP($A$2:$A$42,'CONSORCIO VENTURA'!B:F,5,0) -> 6 | N27: =+M27-D27 -> 0 | O27: =VLOOKUP($A$2:$A$42,'CONSORCIO VENTURA'!B:E,4,0) -> 189977.12 | P27: =+O27*M27 -> 1139862.7 | Q27: =VLOOKUP($A$2:$A$42,'FABIO GARZON DAZA'!B:F,5,0) -> 6 | R27: =+Q27-D27 -> 0 | S27: =VLOOKUP($A$2:$A$42,'FABIO GARZON DAZA'!B:E,4,0) -> 187481 | T27: =+S27*Q27 -> 1124886 | U27: =VLOOKUP($A$2:$A$42,'SKYTECH S.A.S'!B:F,5,0) -> 6 | V27: =+U27-D27 -> 0 | W27: =VLOOKUP($A$2:$A$42,'SKYTECH S.A.S'!B:E,4,0) -> 194707.31 | X27: =+W27*U27 -> 1168243.9
A28: 9.11 | B28: SUMINISTRO INSTALACIÓN Y PUESTA EN SERVICIO DE INTERRUPTOR SENCILLO CONMUTABLE, INCLUYE SALIDA EN CABLEADO (PE, HF, FR, LS, LIBRE DE HALÓGENOS, RETARDANTE A LA LLAMA, BAJA EMISIÓN DE HUMOS), TUBERÍA PVC 3/4" Y TODOS LOS ACCESORIOS NECESARIOS PARA GARANTIZAR SU CORRECTA INSTALACIÓN Y PUESTA EN SERVICIO. | C28: Un | D28: 12 | E28: =VLOOKUP($A$2:$A$42,'ECONTAINERS S.A.S.'!B:G,5,0) -> 12 | F28: =+E28-D28 -> 0 | G28: =VLOOKUP($A$2:$A$42,'ECONTAINERS S.A.S.'!B:E,4,0) -> 51000 | H28: =+E28*G28 -> 612000 | I28: =VLOOKUP($A$2:$A$42,'PROYECTOS Y SOLUCIONES EN INGEN'!B:G,5,0) -> 12 | J28: =+I28-D28 -> 0 | K28: =VLOOKUP($A$2:$A$42,'PROYECTOS Y SOLUCIONES EN INGEN'!B:E,4,0) -> 53699 | L28: =+K28*I28 -> 644388 | M28: =VLOOKUP($A$2:$A$42,'CONSORCIO VENTURA'!B:F,5,0) -> 12 | N28: =+M28-D28 -> 0 | O28: =VLOOKUP($A$2:$A$42,'CONSORCIO VENTURA'!B:E,4,0) -> 53785.979 | P28: =+O28*M28 -> 645431.75 | Q28: =VLOOKUP($A$2:$A$42,'FABIO GARZON DAZA'!B:F,5,0) -> 12 | R28: =+Q28-D28 -> 0 | S28: =VLOOKUP($A$2:$A$42,'FABIO GARZON DAZA'!B:E,4,0) -> 53079 | T28: =+S28*Q28 -> 636948 | U28: =VLOOKUP($A$2:$A$42,'SKYTECH S.A.S'!B:F,5,0) -> 12 | V28: =+U28-D28 -> 0 | W28: =VLOOKUP($A$2:$A$42,'SKYTECH S.A.S'!B:E,4,0) -> 55125.17 | X28: =+W28*U28 -> 661502.04
A29: 10 | B29: =+[1]APU!C1181 -> CARPINTERIA EN MADERA
A30: 10.1 | B30: PUERTA EN MADERA CON ACABADOS EN MELAMINICO COLOR A DEFINIR, CON 2 DILATACIONES EN FONDO INCLUYE MARCO EN EL MISMO MATERIAL, CHAPA Y TOPE MEDIA LUNA | C30: M2 | D30: 18 | E30: =VLOOKUP($A$2:$A$42,'ECONTAINERS S.A.S.'!B:G,5,0) -> 18 | F30: =+E30-D30 -> 0 | G30: =VLOOKUP($A$2:$A$42,'ECONTAINERS S.A.S.'!B:E,4,0) -> 481000 | H30: =+E30*G30 -> 8658000 | I30: =VLOOKUP($A$2:$A$42,'PROYECTOS Y SOLUCIONES EN INGEN'!B:G,5,0) -> 18 | J30: =+I30-D30 -> 0 | K30: =VLOOKUP($A$2:$A$42,'PROYECTOS Y SOLUCIONES EN INGEN'!B:E,4,0) -> 481761 | L30: =+K30*I30 -> 8671698 | M30: =VLOOKUP($A$2:$A$42,'CONSORCIO VENTURA'!B:F,5,0) -> 18 | N30: =+M30-D30 -> 0 | O30: =VLOOKUP($A$2:$A$42,'CONSORCIO VENTURA'!B:E,4,0) -> 490557.39 | P30: =+O30*M30 -> 8830033 | Q30: =VLOOKUP($A$2:$A$42,'FABIO GARZON DAZA'!B:F,5,0) -> 18 | R30: =+Q30-D30 -> 0 | S30: =VLOOKUP($A$2:$A$42,'FABIO GARZON DAZA'!B:E,4,0) -> 496720 | T30: =+S30*Q30 -> 8940960 | U30: =VLOOKUP($A$2:$A$42,'SKYTECH S.A.S'!B:F,5,0) -> 18 | V30: =+U30-D30 -> 0 | W30: =VLOOKUP($A$2:$A$42,'SKYTECH S.A.S'!B:E,4,0) -> 502771.93 | X30: =+W30*U30 -> 9049894.7
A31: 10.2 | B31: SUMINISTRO E INSTALACIÓN MUEBLE DE LAVAMANOS CON ENTREPAÑO EN MADECOR RH DE 15 MM ENCHAPADO EN FORMICA EN SU INTERIOR Y EN EL EXTERIOR ENCHAPADO EN FORMICA COLOR POR DEFINIR, CON MESÓN EN MÁRMOL GRANITO PULIDO COLOR POR DEFINIR INCLUYE SALPICADERO DE 0,15M DE ALTURA, INSTALACIÓN SUSPENDIDA + ENTREPAÑO, ACCESORIOS, ELEMENTOS DE FIJACIÓN Y TODO LO DEMÁS PARA SU CORRECTO FUNCIONAMIENTO. | C31: ML | D31: 3 | E31: =VLOOKUP($A$2:$A$42,'ECONTAINERS S.A.S.'!B:G,5,0) -> 3 | F31: =+E31-D31 -> 0 | G31: =VLOOKUP($A$2:$A$42,'ECONTAINERS S.A.S.'!B:E,4,0) -> 711700 | H31: =+E31*G31 -> 2135100 | I31: =VLOOKUP($A$2:$A$42,'PROYECTOS Y SOLUCIONES EN INGEN'!B:G,5,0) -> 3 | J31: =+I31-D31 -> 0 | K31: =VLOOKUP($A$2:$A$42,'PROYECTOS Y SOLUCIONES EN INGEN'!B:E,4,0) -> 714143 | L31: =+K31*I31 -> 2142429 | M31: =VLOOKUP($A$2:$A$42,'CONSORCIO VENTURA'!B:F,5,0) -> 3 | N31: =+M31-D31 -> 0 | O31: =VLOOKUP($A$2:$A$42,'CONSORCIO VENTURA'!B:E,4,0) -> 715304.59 | P31: =+O31*M31 -> 2145913.8 | Q31: =VLOOKUP($A$2:$A$42,'FABIO GARZON DAZA'!B:F,5,0) -> 3 | R31: =+Q31-D31 -> 0 | S31: =VLOOKUP($A$2:$A$42,'FABIO GARZON DAZA'!B:E,4,0) -> 724290 | T31: =+S31*Q31 -> 2172870 | U31: =VLOOKUP($A$2:$A$42,'SKYTECH S.A.S'!B:F,5,0) -> 3 | V31: =+U31-D31 -> 0 | W31: =VLOOKUP($A$2:$A$42,'SKYTECH S.A.S'!B:E,4,0) -> 733114.04 | X31: =+W31*U31 -> 2199342.1
A32: 11 | B32: =+[1]APU!C1362 -> MAMPOSTERIA
A33: 11.1 | B33: PAÑETE IMPERMEABILIZADO MUROS 1:3 - E= 15 MM. INCLUYE SU APLICACIÓN EN FILOS Y DILATACIONES" | C33: M² | D33: 54 | E33: =VLOOKUP($A$2:$A$42,'ECONTAINERS S.A.S.'!B:G,5,0) -> 54 | F33: =+E33-D33 -> 0 | G33: =VLOOKUP($A$2:$A$42,'ECONTAINERS S.A.S.'!B:E,4,0) -> 25300 | H33: =+E33*G33 -> 1366200 | I33: =VLOOKUP($A$2:$A$42,'PROYECTOS Y SOLUCIONES EN INGEN'!B:G,5,0) -> 54 | J33: =+I33-D33 -> 0 | K33: =VLOOKUP($A$2:$A$42,'PROYECTOS Y SOLUCIONES EN INGEN'!B:E,4,0) -> 25461 | L33: =+K33*I33 -> 1374894 | M33: =VLOOKUP($A$2:$A$42,'CONSORCIO VENTURA'!B:F,5,0) -> 54 | N33: =+M33-D33 -> 0 | O33: =VLOOKUP($A$2:$A$42,'CONSORCIO VENTURA'!B:E,4,0) -> 25502.4 | P33: =+O33*M33 -> 1377129.6 | Q33: =VLOOKUP($A$2:$A$42,'FABIO GARZON DAZA'!B:F,5,0) -> 54 | R33: =+Q33-D33 -> 0 | S33: =VLOOKUP($A$2:$A$42,'FABIO GARZON DAZA'!B:E,4,0) -> 25167 | T33: =+S33*Q33 -> 1359018 | U33: =VLOOKUP($A$2:$A$42,'SKYTECH S.A.S'!B:F,5,0) -> 54 | V33: =+U33-D33 -> 0 | W33: =VLOOKUP($A$2:$A$42,'SKYTECH S.A.S'!B:E,4,0) -> 26137.35 | X33: =+W33*U33 -> 1411416.9
A34: 12 | B34: =+[1]APU!C1394 -> VIDRIOS Y ESPEJOS
A35: 12.1 | B35: SUMINISTRO E INSTALACION DE ESPEJO BISELADO E= 4 MM (FLOTADO EN MURO) | C35: M² | D35: 0.84 | E35: =VLOOKUP($A$2:$A$42,'ECONTAINERS S.A.S.'!B:G,5,0) -> 0.84 | F35: =+E35-D35 -> 0 | G35: =VLOOKUP($A$2:$A$42,'ECONTAINERS S.A.S.'!B:E,4,0) -> 230000 | H35: =+E35*G35 -> 193200 | I35: =VLOOKUP($A$2:$A$42,'PROYECTOS Y SOLUCIONES EN INGEN'!B:G,5,0) -> 0.84 | J35: =+I35-D35 -> 0 | K35: =VLOOKUP($A$2:$A$42,'PROYECTOS Y SOLUCIONES EN INGEN'!B:E,4,0) -> 233163 | L35: =+K35*I35 -> 195856.92 | M35: =VLOOKUP($A$2:$A$42,'CONSORCIO VENTURA'!B:F,5,0) -> 0.84 | N35: =+M35-D35 -> 0 | O35: =VLOOKUP($A$2:$A$42,'CONSORCIO VENTURA'!B:E,4,0) -> 233542.1 | P35: =+O35*M35 -> 196175.37 | Q35: =VLOOKUP($A$2:$A$42,'FABIO GARZON DAZA'!B:F,5,0) -> 0.84 | R35: =+Q35-D35 -> 0 | S35: =VLOOKUP($A$2:$A$42,'FABIO GARZON DAZA'!B:E,4,0) -> 236476 | T35: =+S35*Q35 -> 198639.84 | U35: =VLOOKUP($A$2:$A$42,'SKYTECH S.A.S'!B:F,5,0) -> 0.84 | V35: =+U35-D35 -> 0 | W35: =VLOOKUP($A$2:$A$42,'SKYTECH S.A.S'!B:E,4,0) -> 239356.77 | X35: =+W35*U35 -> 201059.69
A36: 12.2 | B36: SUMINISTRO INSTALACIÓN DE DIVISIONES PARA DUCHA EN VIDRIO TEMPLADO BISELADO Y SANDBLASTING INCLUYE HERRAJES Y ACCESORIOS EN ACERO INOXIDABLE PARA SU CORRECTO FUNCIONAMIENTO. | C36: M² | D36: 1 | E36: =VLOOKUP($A$2:$A$42,'ECONTAINERS S.A.S.'!B:G,5,0) -> 1 | F36: =+E36-D36 -> 0 | G36: =VLOOKUP($A$2:$A$42,'ECONTAINERS S.A.S.'!B:E,4,0) -> 508200 | H36: =+E36*G36 -> 508200 | I36: =VLOOKUP($A$2:$A$42,'PROYECTOS Y SOLUCIONES EN INGEN'!B:G,5,0) -> 1 | J36: =+I36-D36 -> 0 | K36: =VLOOKUP($A$2:$A$42,'PROYECTOS Y SOLUCIONES EN INGEN'!B:E,4,0) -> 517786 | L36: =+K36*I36 -> 517786 | M36: =VLOOKUP($A$2:$A$42,'CONSORCIO VENTURA'!B:F,5,0) -> 1 | N36: =+M36-D36 -> 0 | O36: =VLOOKUP($A$2:$A$42,'CONSORCIO VENTURA'!B:E,4,0) -> 504605.31 | P36: =+O36*M36 -> 504605.31 | Q36: =VLOOKUP($A$2:$A$42,'FABIO GARZON DAZA'!B:F,5,0) -> 1 | R36: =+Q36-D36 -> 0 | S36: =VLOOKUP($A$2:$A$42,'FABIO GARZON DAZA'!B:E,4,0) -> 513538 | T36: =+S36*Q36 -> 513538 | U36: =VLOOKUP($A$2:$A$42,'SKYTECH S.A.S'!B:F,5,0) -> 1 | V36: =+U36-D36 -> 0 | W36: =VLOOKUP($A$2:$A$42,'SKYTECH S.A.S'!B:E,4,0) -> 517168.83 | X36: =+W36*U36 -> 517168.83
A37: 13 | B37: INSTALACIONES HIDROSANITARIAS
A38: 13.1 | B38: SUMINISTRO E INSTALACIÓN DE PUNTO DE AGUA FRIA Ø 1/2" , INCLUYE ACCESORIOS PARA SU CORRECTA INSTALACIÓN. | C38: Un | D38: 12 | E38: =VLOOKUP($A$2:$A$42,'ECONTAINERS S.A.S.'!B:G,5,0) -> 12 | F38: =+E38-D38 -> 0 | G38: =VLOOKUP($A$2:$A$42,'ECONTAINERS S.A.S.'!B:E,4,0) -> 46900 | H38: =+E38*G38 -> 562800 | I38: =VLOOKUP($A$2:$A$42,'PROYECTOS Y SOLUCIONES EN INGEN'!B:G,5,0) -> 12 | J38: =+I38-D38 -> 0 | K38: =VLOOKUP($A$2:$A$42,'PROYECTOS Y SOLUCIONES EN INGEN'!B:E,4,0) -> 46297 | L38: =+K38*I38 -> 555564 | M38: =VLOOKUP($A$2:$A$42,'CONSORCIO VENTURA'!B:F,5,0) -> 12 | N38: =+M38-D38 -> 0 | O38: =VLOOKUP($A$2:$A$42,'CONSORCIO VENTURA'!B:E,4,0) -> 46372.423 | P38: =+O38*M38 -> 556469.07 | Q38: =VLOOKUP($A$2:$A$42,'FABIO GARZON DAZA'!B:F,5,0) -> 12 | R38: =+Q38-D38 -> 0 | S38: =VLOOKUP($A$2:$A$42,'FABIO GARZON DAZA'!B:E,4,0) -> 45763 | T38: =+S38*Q38 -> 549156 | U38: =VLOOKUP($A$2:$A$42,'SKYTECH S.A.S'!B:F,5,0) -> 12 | V38: =+U38-D38 -> 0 | W38: =VLOOKUP($A$2:$A$42,'SKYTECH S.A.S'!B:E,4,0) -> 47526.99 | X38: =+W38*U38 -> 570323.88
A39: 13.2 | B39: SUMINISTRO E INSTALACIÓN DE PUNTO SANITARIO Ø 2" , INCLUYE ACCESORIOS PARA SU CORRECTA INSTALACION | C39: Un | D39: 6 | E39: =VLOOKUP($A$2:$A$42,'ECONTAINERS S.A.S.'!B:G,5,0) -> 6 | F39: =+E39-D39 -> 0 | G39: =VLOOKUP($A$2:$A$42,'ECONTAINERS S.A.S.'!B:E,4,0) -> 52800 | H39: =+E39*G39 -> 316800 | I39: =VLOOKUP($A$2:$A$42,'PROYECTOS Y SOLUCIONES EN INGEN'!B:G,5,0) -> 6 | J39: =+I39-D39 -> 0 | K39: =VLOOKUP($A$2:$A$42,'PROYECTOS Y SOLUCIONES EN INGEN'!B:E,4,0) -> 54284 | L39: =+K39*I39 -> 325704 | M39: =VLOOKUP($A$2:$A$42,'CONSORCIO VENTURA'!B:F,5,0) -> 6 | N39: =+M39-D39 -> 0 | O39: =VLOOKUP($A$2:$A$42,'CONSORCIO VENTURA'!B:E,4,0) -> 54372.565 | P39: =+O39*M39 -> 326235.39 | Q39: =VLOOKUP($A$2:$A$42,'FABIO GARZON DAZA'!B:F,5,0) -> 6 | R39: =+Q39-D39 -> 0 | S39: =VLOOKUP($A$2:$A$42,'FABIO GARZON DAZA'!B:E,4,0) -> 53658 | T39: =+S39*Q39 -> 321948 | U39: =VLOOKUP($A$2:$A$42,'SKYTECH S.A.S'!B:F,5,0) -> 6 | V39: =+U39-D39 -> 0 | W39: =VLOOKUP($A$2:$A$42,'SKYTECH S.A.S'!B:E,4,0) -> 55726.32 | X39: =+W39*U39 -> 334357.92
A40: 13.3 | B40: SUMINISTRO E INSTALACION DE REGISTRO DE AGUA INCLUYE TAPA Y CAJA Ø 1/2" | C40: Un | D40: 6 | E40: =VLOOKUP($A$2:$A$42,'ECONTAINERS S.A.S.'!B:G,5,0) -> 6 | F40: =+E40-D40 -> 0 | G40: =VLOOKUP($A$2:$A$42,'ECONTAINERS S.A.S.'!B:E,4,0) -> 92800 | H40: =+E40*G40 -> 556800 | I40: =VLOOKUP($A$2:$A$42,'PROYECTOS Y SOLUCIONES EN INGEN'!B:G,5,0) -> 6 | J40: =+I40-D40 -> 0 | K40: =VLOOKUP($A$2:$A$42,'PROYECTOS Y SOLUCIONES EN INGEN'!B:E,4,0) -> 92359 | L40: =+K40*I40 -> 554154 | M40: =VLOOKUP($A$2:$A$42,'CONSORCIO VENTURA'!B:F,5,0) -> 6 | N40: =+M40-D40 -> 0 | O40: =VLOOKUP($A$2:$A$42,'CONSORCIO VENTURA'!B:E,4,0) -> 92509.432 | P40: =+O40*M40 -> 555056.59 | Q40: =VLOOKUP($A$2:$A$42,'FABIO GARZON DAZA'!B:F,5,0) -> 6 | R40: =+Q40-D40 -> 0 | S40: =VLOOKUP($A$2:$A$42,'FABIO GARZON DAZA'!B:E,4,0) -> 91294 | T40: =+S40*Q40 -> 547764 | U40: =VLOOKUP($A$2:$A$42,'SKYTECH S.A.S'!B:F,5,0) -> 6 | V40: =+U40-D40 -> 0 | W40: =VLOOKUP($A$2:$A$42,'SKYTECH S.A.S'!B:E,4,0) -> 94812.71 | X40: =+W40*U40 -> 568876.26
A41: 13.4 | B41: SUMINISTRO E INSTALACIÓN DE SIFÓN Ø 3X2", INCLUYE ACCESORIOS PARA SU CORRECTA INSTALACION | C41: Un | D41: 6 | E41: =VLOOKUP($A$2:$A$42,'ECONTAINERS S.A.S.'!B:G,5,0) -> 6 | F41: =+E41-D41 -> 0 | G41: =VLOOKUP($A$2:$A$42,'ECONTAINERS S.A.S.'!B:E,4,0) -> 45100 | H41: =+E41*G41 -> 270600 | I41: =VLOOKUP($A$2:$A$42,'PROYECTOS Y SOLUCIONES EN INGEN'!B:G,5,0) -> 6 | J41: =+I41-D41 -> 0 | K41: =VLOOKUP($A$2:$A$42,'PROYECTOS Y SOLUCIONES EN INGEN'!B:E,4,0) -> 46695 | L41: =+K41*I41 -> 280170 | M41: =VLOOKUP($A$2:$A$42,'CONSORCIO VENTURA'!B:F,5,0) -> 6 | N41: =+M41-D41 -> 0 | O41: =VLOOKUP($A$2:$A$42,'CONSORCIO VENTURA'!B:E,4,0) -> 46771.262 | P41: =+O41*M41 -> 280627.57 | Q41: =VLOOKUP($A$2:$A$42,'FABIO GARZON DAZA'!B:F,5,0) -> 6 | R41: =+Q41-D41 -> 0 | S41: =VLOOKUP($A$2:$A$42,'FABIO GARZON DAZA'!B:E,4,0) -> 46157 | T41: =+S41*Q41 -> 276942 | U41: =VLOOKUP($A$2:$A$42,'SKYTECH S.A.S'!B:F,5,0) -> 6 | V41: =+U41-D41 -> 0 | W41: =VLOOKUP($A$2:$A$42,'SKYTECH S.A.S'!B:E,4,0) -> 47935.76 | X41: =+W41*U41 -> 287614.56
A42: 13.5 | B42: SUMINISTRO E INSTALACIÓN DE TUBERÍA PVC PRESIÓN RDE 13.5 Ø 1/2", INCLUYE ACCESORIOS PARA SU CORRECTA INSTALACIÓN. | C42: Ml | D42: 10 | E42: =VLOOKUP($A$2:$A$42,'ECONTAINERS S.A.S.'!B:G,5,0) -> 10 | F42: =+E42-D42 -> 0 | G42: =VLOOKUP($A$2:$A$42,'ECONTAINERS S.A.S.'!B:E,4,0) -> 15600 | H42: =+E42*G42 -> 156000 | I42: =VLOOKUP($A$2:$A$42,'PROYECTOS Y SOLUCIONES EN INGEN'!B:G,5,0) -> 10 | J42: =+I42-D42 -> 0 | K42: =VLOOKUP($A$2:$A$42,'PROYECTOS Y SOLUCIONES EN INGEN'!B:E,4,0) -> 16302 | L42: =+K42*I42 -> 163020 | M42: =VLOOKUP($A$2:$A$42,'CONSORCIO VENTURA'!B:F,5,0) -> 10 | N42: =+M42-D42 -> 0 | O42: =VLOOKUP($A$2:$A$42,'CONSORCIO VENTURA'!B:E,4,0) -> 16328.112 | P42: =+O42*M42 -> 163281.12 | Q42: =VLOOKUP($A$2:$A$42,'FABIO GARZON DAZA'!B:F,5,0) -> 10 | R42: =+Q42-D42 -> 0 | S42: =VLOOKUP($A$2:$A$42,'FABIO GARZON DAZA'!B:E,4,0) -> 16114 | T42: =+S42*Q42 -> 161140 | U42: =VLOOKUP($A$2:$A$42,'SKYTECH S.A.S'!B:F,5,0) -> 10 | V42: =+U42-D42 -> 0 | W42: =VLOOKUP($A$2:$A$42,'SKYTECH S.A.S'!B:E,4,0) -> 16734.65 | X42: =+W42*U42 -> 167346.5
B43: TOTAL COSTOS DIRECTOS | H43: =SUM(H3:H42) -> 50440100 | L43: =SUM(L3:L42) -> 50937202 | P43: =SUM(P3:P42) -> 51161741 | T43: =SUM(T3:T42) -> 50866328 | X43: =SUM(X3:X42) -> 52435613
B44: ADMINISTRACIÓN % | C44: A | G44: 0.2875 | H44: =+H43*G44 -> 14501529 | K44: 0.272 | L44: =+L43*K44 -> 13854919 | O44: 0.272 | P44: =+P43*O44 -> 13915994 | S44: 0.272 | T44: =+T43*S44 -> 13835641 | W44: 0.272 | X44: =+X43*W44 -> 14262487
B45: IMPREVISTOS % | C45: I | G45: 0.05 | H45: =+H43*G45 -> 2522005 | K45: 0.01 | L45: =+L43*K45 -> 509372.02 | O45: 0.01 | P45: =+P43*O45 -> 511617.41 | S45: 0.01 | T45: =+T43*S45 -> 508663.28 | W45: 0.01 | X45: =+X43*W45 -> 524356.13
B46: UTILIDADES % | C46: U | G46: 0.04 | H46: =+H43*G46 -> 2017604 | K46: 0.04 | L46: =+L43*K46 -> 2037488.1 | O46: 0.04 | P46: =+P43*O46 -> 2046469.6 | S46: 0.04 | T46: =+T43*S46 -> 2034653.1 | W46: 0.04 | X46: =+X43*W46 -> 2097424.5
B47: IVA SOBRE UTILIDAD | C47: % | G47: 0.19 | H47: =+H46*G47 -> 383344.76 | K47: 0.19 | L47: =+L46*K47 -> 387122.73 | O47: 0.19 | P47: =+P46*O47 -> 388829.23 | S47: 0.19 | T47: =+T46*S47 -> 386584.09 | W47: 0.19 | X47: =+X46*W47 -> 398510.66
B48: TOTAL COSTOS INDIRECTOS (A.I.U)+ IVA SOBRE UTILIDAD | H48: =+H44+H45+H46+H47 -> 19424483 | L48: =+L44+L45+L46+L47 -> 16788902 | P48: =+P44+P45+P46+P47 -> 16862910 | T48: =+T44+T45+T46+T47 -> 16765542 | X48: =+X44+X45+X46+X47 -> 17282778
B49: VALOR TOTAL OBRAS CIVILES | H49: =+H43+H48 -> 69864583 | L49: =+L43+L48 -> 67726104 | P49: =+P43+P48 -> 68024651 | T49: =+T43+T48 -> 67631869 | X49: =+X43+X48 -> 69718391
B52: =+E1 -> ECONTAINERS S.A.S. | G52: =+H52-$H$59 -> -135417.49 | H52: =+H49 -> 69864583 | I52: =+H52/$H$59 -> 0.99806546
B53: =+I1 -> PROYECTOS Y SOLUCIONES EN INGENIERIA S.A.S. | G53: =+H53-$H$59 -> -2273896.3 | H53: =+L49 -> 67726104 | I53: =+H53/$H$59 -> 0.96751577
B54: =+M1 -> CONSORCIO VENTURA | G54: =+H54-$H$59 -> -1975348.9 | H54: =+P49 -> 68024651 | I54: =+H54/$H$59 -> 0.97178073
B55: =+Q1 -> FABIO GARZON DAZA | G55: =+H55-$H$59 -> -2368130.5 | H55: =+T49 -> 67631869 | I55: =+H55/$H$59 -> 0.96616956
B56: =+U1 -> SKYTECH S.A.S | G56: =+H56-$H$59 -> -281608.77 | H56: =+X49 -> 69718391 | I56: =+H56/$H$59 -> 0.99597702
B59: PRESUPUESTO OFICIAL | H59: 70000000

Sheet ECONTAINERS S.A.S.
B2: FUERZAS MILITARES DE COLOMBIA- MINISTERIO DE DEFENSA NACIONAL
B3: FUERZA AÉREA COLOMBIANA
B4: COMANDO AÉREO DE COMBATE No.2
B5: OBJETO: | C5: MANTENIMIENTO PREVENTIVO Y CORRECTIVO Y ADECUACIÓN A TODO COSTO DE LOS CONTENEDORES (SHELTERS) DE LA FTC OMEGA - PAC RADAR DE SAN JOSE DEL GUAVIARE Y TORRE RADAR DE CONFORMIDAD CON LAS ESPECIFICACIONES TECNICAS.
B7: NOTAS:
B8: Las cantidades de obra que a continuación se presentan son aproximadas.
B9: Su pago será determinado por la obra medida, realmente ejecutada, previa medición por parte de la supervision
B10: Durante la ejecución de la obra se deben verificar las medidas por parte del contratista y la supervision.
B11: El contratista deberá prever todos los costos correspondientes a materiales, mano de obra, transportes y demás costos directos e indirectos requeridos para realizar la totalidad de las obras.
B12: ANEXO 7.1.
B13: PRESUPUESTO OFICIAL RUBRO 02-01-01-001-002-10 REC 10 $70.000.000,00
B15: OFERTA ECONOMICA
B16: MANTENIMIENTO Y ADECUACION SHELTERS OMEGA
B17: ÍTEM | C17: ACTIVIDAD | D17: UND | E17: VALOR UNITARIO | F17: CANTIDAD | G17: VALOR PARCIAL | H17: VALOR TOTAL
B18: 6 | C18: ACABADOS E IMPERMEABILIZACIONES | H18: 7360000
B19: 6.1 | C19: ALISTADO DE PISO EN CONCRETO DE 3000 PSI E=0.05 MTS (PREPARACIÓN DE SUPERFICIE) | D19: M² | E19: 35000 | F19: 20 | G19: 700000
B20: 6.2 | C20: SUMINISTRO E INSTALACION DE SUMINISTRO E INSTALACION DE PISO EN CERAMICA REF: 907012771 (EN BAÑOS A INTERVENIR.) | D20: M² | E20: 120000 | F20: 20 | G20: 2400000
B21: 6.3 | C21: SUMINISTRO E INSTALACION DE CERAMICA DE PARED REF: 755039031 (INCLUYE RESANE DEL PAÑETE EXISTENTE Y PIRAGUA EN ALUMINIO BLANCO EN LOS FILOS) (EN LOS BAÑOS A INTERVENIR.) | D21: M² | E21: 71000 | F21: 60 | G21: 4260000
B22: 7 | C22: CIELO RASO | H22: 2068000
B23: 7.1 | C23: SUMINISTRO E INSTALACIÓN DE CIELO RASO PVC 10 MM (INCLUYE ESTRUCTURA Y COMPUERTAS PARA INSPECCION) Y TODOS LOS ACCESORIOS PARA SU CORRECTA INSTALACIÓN | D23: M² | E23: 103400 | F23: 20 | G23: 2068000
B24: 8 | C24: APARATOS SANITARIOS Y ACCESORIOS | H24: 6778800
B25: 8.1 | C25: SUMINISTRO E INSTALACIÓN DE SANITARIO DE UNA PIEZA ARO ALONGADO ALTO 71 CM MATERIAL PORCELANA SANITARIA ANCHO 35 CM AHORRO DE AGUA TIPO DE DESCARGA DOBLE SISTEMA DE DESCARGA BOTON | D25: Un | E25: 517500 | F25: 6 | G25: 3105000
B26: 8.2 | C26: SUMINISTRO E INSTALACIÓN DE LAVAMANOS DE SOBREPONER OVALADO BLANCO 39X32,5X14 CM INCLUYE GRIFERIA MONOCONTROL MATERIAL ACERO - ABS ALTO 29CM | D26: Un | E26: 363800 | F26: 6 | G26: 2182800
B27: 8.3 | C27: SUMINISTRO E INSTALACIÓN DE GRIFERÍA DUCHA 8 PULGADAS (20CM LARGO) | D27: Un | E27: 106600 | F27: 6 | G27: 639600
B28: 8.4 | C28: SUMINISTRO E INSTALACIÓN DE TAPA REGISTROS 20 X 20 CM PLÁSTICAS | D28: Un | E28: 25600 | F28: 6 | G28: 153600
B29: 8.5 | C29: SUMINISTRO E INSTALACIÓN DE REJILLA PLÁSTICA SOSCO 3 X 2 | D29: Un | E29: 12100 | F29: 6 | G29: 72600
B30: 8.6 | C30: SUMINISTRO E INSTALACIÓN DE JABONERA DE PORCELANA | D30: Un | E30: 57200 | F30: 6 | G30: 343200
B31: 8.7 | C31: SUMINISTRO E INSTALACIÓN TOALLERO METALICO TERMINACION EN CROMO | D31: Un | E31: 47000 | F31: 6 | G31: 282000
B32: 9 | C32: INSTALACIONES ELECTRICAS | H32: 19509600
B33: 9,1- | C33: SUMINISTRO INSTALACIÓN Y PUESTA EN SERVICIO DE TOMACORRIENTE DOBLE MONOFÁSICA 15A./120V.(1Ø+N+PT) CON PROTECCIÓN POR FALLA A TIERRA (GFCI) (RED NORMAL), INCLUYE TUBERÍA PVC 3/4", SALIDA EN CABLEADO (PE, HF, FR, LS, LIBRE DE HALÓGENOS, RETARDANTE A LA LLAMA, BAJA EMISIÓN DE HUMOS) ACCESORIOS NECESARIOS PARA GARANTIZAR SU CORRECTA INSTALACIÓN Y PUESTA EN SERVICIO. | D33: Un | E33: 82800 | F33: 6 | G33: 496800
B34: 9.2 | C34: INSTALACION A TODO COSTO TUBERÍA PVC 1/2" X 3 MTS PARA PUNTOS ELÉCTRICO EN CIELO RASO DRYWALL Y ALAMBRADO SEGÚN NORMA RETIE + ACCESORIOS. (NO INCLUYE ALAMBRADO) + TRANSPORTE. | D34: ML | E34: 12800 | F34: 60 | G34: 768000
B35: 9.3 | C35: INSTALACION A TODO COSTO ALAMBRADO DE PUNTOS Y RED LIBRE DE ALUROGENOS # 12, CON RECUBRIMIENTO POR COLOR BLANCO, INCLUYE INSTALACIÓN Y DEMÁS ACCESORIOS SEGÚN NORMA RETIE + TRANSPORTE. | D35: ML | E35: 12000 | F35: 420 | G35: 5040000
B36: 9.4 | C36: INSTALACION A TODO COSTO ALAMBRADO DE PUNTOS Y RED LIBRE DE ALUROGENOS # 12, CON RECUBRIMIENTO POR COLOR ROJO , INCLUYE INSTALACIÓN Y DEMÁS ACCESORIOS SEGÚN NORMA RETIE + TRANSPORTE. | D36: ML | E36: 12000 | F36: 420 | G36: 5040000
B37: 9.5 | C37: INSTALACION A TODO COSTO ALAMBRADO DE PUNTOS Y RED LIBRE DE ALUROGENOS # 12, CON RECUBRIMIENTO POR COLOR VERDE , INCLUYE INSTALACIÓN Y DEMÁS ACCESORIOS SEGÚN NORMA RETIE + TRANSPORTE. | D37: ML | E37: 12000 | F37: 420 | G37: 5040000
B38: 9.6 | C38: ADECUACIÓN A TODO COSTO INSTALACIÓN DE INTERRUPTOR SENCILLO LÍNEA ARQUEA PREARMADA DE IGUAL O SUPERIORES CARACTERÍSTICAS TÉCNICAS PREVIAMENTE AUTORIZADAS POR LA SUPERVISIÓN, SEGÚN NORMA RETIE, INCLUYE ASEO Y TRANSPORTE. | D38: UN | E38: 39800 | F38: 6 | G38: 238800
B39: 9.7 | C39: INSTALACIÓN A TODO COSTO DE TOMACORRIENTE DOBLE CON POLO A TIERRA (2P+T) LÍNEA ARQUEA PREARMADA DE IGUAL O SUPERIORES CARACTERÍSTICAS TÉCNICAS PREVIAMENTE AUTORIZADAS POR LA SUPERVISIÓN, SEGÚN NORMA RETIE, INCLUYE ASEO Y TRANSPORTE. | D39: UN | E39: 23800 | F39: 24 | G39: 571200
B40: 9.8 | C40: INSTALACIÓN A TODO COSTO DE PANEL LED INTEGRADO REDONDO DE INCRUSTAR 18W 22,5 CM, DE IGUAL O SUPERIORES CARACTERÍSTICAS TÉCNICAS PREVIAMENTE AUTORIZADAS POR LA SUPERVISIÓN LUZ BLANCA Y/O AMARILLA, SEGÚN NORMA RETIE, INCLUYE ASEO Y TRANSPORTE. | D40: UN | E40: 39000 | F40: 6 | G40: 234000
B41: 9.9 | C41: SIPS BOMBILLO LED 4 ASPAS ESCUALIZABLE 50W6500K | D41: UN | E41: 81000 | F41: 12 | G41: 972000
B42: 9.1 | C42: SUMINISTRO INSTALACIÓN Y PUESTA EN SERVICIO DE SALIDA CON Extractor Ministyle 14 cm x 14 cm, 10.3W, TENSIÓN DE OPERACIÓN 120V, INCLUYE CABLEADO, DUCTERIA, CAJAS, CURVAS Y TODO LO NECESARIO PARA SU CORRECTO FUNCIONAMIENTO. | D42: Un | E42: 82800 | F42: 6 | G42: 496800
B43: 9.11 | C43: SUMINISTRO INSTALACIÓN Y PUESTA EN SERVICIO DE INTERRUPTOR SENCILLO CONMUTABLE, INCLUYE SALIDA EN CABLEADO (PE, HF, FR, LS, LIBRE DE HALÓGENOS, RETARDANTE A LA LLAMA, BAJA EMISIÓN DE HUMOS), TUBERÍA PVC 3/4" Y TODOS LOS ACCESORIOS NECESARIOS PARA GARANTIZAR SU CORRECTA INSTALACIÓN Y PUESTA EN SERVICIO. | D43: Un | E43: 51000 | F43: 12 | G43: 612000
B44: 10 | C44: CARPINTERIA EN MADERA | H44: 10793100
B45: 10.1 | C45: PUERTA EN MADERA CON ACABADOS EN MELAMINICO COLOR A DEFINIR, CON 2 DILATACIONES EN FONDO INCLUYE MARCO EN EL MISMO MATERIAL, CHAPA Y TOPE MEDIA LUNA | D45: M2 | E45: 481000 | F45: 18 | G45: 8658000
B46: 10.2 | C46: SUMINISTRO E INSTALACIÓN MUEBLE DE LAVAMANOS CON ENTREPAÑO EN MADECOR RH DE 15 MM ENCHAPADO EN FORMICA EN SU INTERIOR Y EN EL EXTERIOR ENCHAPADO EN FORMICA COLOR POR DEFINIR, CON MESÓN EN MÁRMOL GRANITO PULIDO COLOR POR DEFINIR INCLUYE SALPICADERO DE 0,15M DE ALTURA, INSTALACIÓN SUSPENDIDA + ENTREPAÑO, ACCESORIOS, ELEMENTOS DE FIJACIÓN Y TODO LO DEMÁS PARA SU CORRECTO FUNCIONAMIENTO. | D46: ML | E46: 711700 | F46: 3 | G46: 2135100
B47: 11 | C47: MAMPOSTERIA | H47: 1366200
B48: 11.1 | C48: PAÑETE IMPERMEABILIZADO MUROS 1:3 - E= 15 MM. INCLUYE SU APLICACIÓN EN FILOS Y DILATACIONES" | D48: M² | E48: 25300 | F48: 54 | G48: 1366200
B49: 12 | C49: VIDRIOS Y ESPEJOS | H49: 701400
B50: 12.1 | C50: SUMINISTRO E INSTALACION DE ESPEJO BISELADO E= 4 MM (FLOTADO EN MURO) | D50: M² | E50: 230000 | F50: 0.84 | G50: 193200
B51: 12.2 | C51: SUMINISTRO INSTALACIÓN DE DIVISIONES PARA DUCHA EN VIDRIO TEMPLADO BISELADO Y SANDBLASTING INCLUYE HERRAJES Y ACCESORIOS EN ACERO INOXIDABLE PARA SU CORRECTO FUNCIONAMIENTO. | D51: M² | E51: 508200 | F51: 1 | G51: 508200
B52: 13 | C52: INSTALACIONES HIDROSANITARIAS | H52: 1863000
B53: 13.1 | C53: SUMINISTRO E INSTALACIÓN DE PUNTO DE AGUA FRIA Ø 1/2" , INCLUYE ACCESORIOS PARA SU CORRECTA INSTALACIÓN. | D53: Un | E53: 46900 | F53: 12 | G53: 562800
B54: 13.2 | C54: SUMINISTRO E INSTALACIÓN DE PUNTO SANITARIO Ø 2" , INCLUYE ACCESORIOS PARA SU CORRECTA INSTALACION | D54: Un | E54: 52800 | F54: 6 | G54: 316800
B55: 13.3 | C55: SUMINISTRO E INSTALACION DE REGISTRO DE AGUA INCLUYE TAPA Y CAJA Ø 1/2" | D55: Un | E55: 92800 | F55: 6 | G55: 556800
B56: 13.4 | C56: SUMINISTRO E INSTALACIÓN DE SIFÓN Ø 3X2", INCLUYE ACCESORIOS PARA SU CORRECTA INSTALACION | D56: Un | E56: 45100 | F56: 6 | G56: 270600
B57: 13.5 | C57: SUMINISTRO E INSTALACIÓN DE TUBERÍA PVC PRESIÓN RDE 13.5 Ø 1/2", INCLUYE ACCESORIOS PARA SU CORRECTA INSTALACIÓN. | D57: Ml | E57: 15600 | F57: 10 | G57: 156000
B58: TOTAL COSTOS DIRECTOS | H58: 50440100
B59: ADMINISTRACIÓN % | D59: A | F59: 0.2875 | H59: 14501529
B60: IMPREVISTOS % | D60: I | F60: 0.05 | H60: 2522005
B61: UTILIDADES % | D61: U | F61: 0.04 | H61: 2017604
B62: IVA SOBRE UTILIDAD | D62: % | F62: 0.19 | H62: 383344.76
B63: TOTAL COSTOS INDIRECTOS (A.I.U)+ IVA SOBRE UTILIDAD | H63: 19424483
B64: VALOR TOTAL OBRAS CIVILES | H64: 69864583
E67: DESTINACION | F67: TOTAL PRESUPUESTO ASIGNADO POR RUBRO -SOBREPASAR EL VALOR DEL PRESUPUESTO ASIGNADO SERÁ CAUSAL DE RECHAZO | G67: TOTAL OFERTA POR DESTINACION
E68: MANTENIMIENTO Y ADECUACIÓN SHELTERS OMEGA | F68: 70000000 | G68: 69864583
B74: NOTA 1: EL PROPONENTE NO PODRÁ SOBREPASAR EL VALOR TOTAL ASIGNADO Y/O POR RUBRO Y/O DESTINO Y/O UNA VEZ REALIZADA CORRECCIÓN ARITMÉTICA POR PARTE DEL COMITÉ EVALUADOR ECONÓMICO, SO PENA DE RECHAZO
B76: NOTA 2. LA ADMINISTRACIÓN ADJUNTA "ANEXO - OFERTA ECONÓMICA" EN ARCHIVO EXCEL PARA FACILIDAD EN EL DILIGENCIAMIENTO POR PARTE DE LOS PROPONENTES, SIN EMBARGO SE ACLARA QUE ES RESPONSABILIDAD DEL MISMO LA INFORMACIÓN CONTENIDA EN EL ANEXO, POR LO QUE E SU DEBER VERIFICAR LOS DATOS REGISTRADOS (DESCRIPCIONES, CANTIDADES, FÓRMULAS Y DEMÁS NECESARIOS), LOS CUALES DEBERÁN CONCORDAR CON LO ESTABLECIDO EN EL ANEXO TÉCNICO
B79: _____________________________________________________________ Nombre: JOHN JAIRO VALENCIA HINCAPIE Cargo: Representante Legal Documento de Identidad: 75105554

Sheet PROYECTOS Y SOLUCIONES EN INGEN
B2: FUERZAS MILITARES DE COLOMBIA- MINISTERIO DE DEFENSA NACIONAL
B3: FUERZA AÉREA COLOMBIANA
B4: COMANDO AÉREO DE COMBATE No.2
B5: OBJETO: | C5: MANTENIMIENTO PREVENTIVO Y CORRECTIVO Y ADECUACIÓN A TODO COSTO DE LOS CONTENEDORES (SHELTERS) DE LA FTC OMEGA - PAC RADAR DE SAN JOSE DEL GUAVIARE Y TORRE RADAR DE CONFORMIDAD CON LAS ESPECIFICACIONES TECNICAS.
B7: NOTAS:
B8: Las cantidades de obra que a continuación se presentan son aproximadas.
B9: Su pago será determinado por la obra medida, realmente ejecutada, previa medición por parte de la supervision
B10: Durante la ejecución de la obra se deben verificar las medidas por parte del contratista y la supervision.
B11: El contratista deberá prever todos los costos correspondientes a materiales, mano de obra, transportes y demás costos directos e indirectos requeridos para realizar la totalidad de las obras.
B12: ANEXO 7.1.
B13: PRESUPUESTO OFICIAL RUBRO 02-01-01-001-002-10 REC 10 $70.000.000,00
B15: OFERTA ECONOMICA
B16: MANTENIMIENTO Y ADECUACION SHELTERS OMEGA
B17: ÍTEM | C17: ACTIVIDAD | D17: UND | E17: VALOR UNITARIO | F17: CANTIDAD | G17: VALOR PARCIAL | H17: VALOR TOTAL
B18: 6 | C18: ACABADOS E IMPERMEABILIZACIONES | H18: 7185080 | J18: 0.9712
B19: 6.1 | C19: ALISTADO DE PISO EN CONCRETO DE 3000 PSI E=0.05 MTS (PREPARACIÓN DE SUPERFICIE) | D19: M² | E19: 35553 | F19: 20 | G19: 711060 | I19: 36607 | J19: 34529 | K19: 690580 | L19: 35553
B20: 6.2 | C20: SUMINISTRO E INSTALACION DE SUMINISTRO E INSTALACION DE PISO EN CERAMICA REF: 907012771 (EN BAÑOS A INTERVENIR.) | D20: M² | E20: 116575 | F20: 20 | G20: 2331500 | I20: 120032 | J20: 113218 | K20: 2264360 | L20: 116575
B21: 6.3 | C21: SUMINISTRO E INSTALACION DE CERAMICA DE PARED REF: 755039031 (INCLUYE RESANE DEL PAÑETE EXISTENTE Y PIRAGUA EN ALUMINIO BLANCO EN LOS FILOS) (EN LOS BAÑOS A INTERVENIR.) | D21: M² | E21: 69042 | F21: 60 | G21: 4142520 | I21: 71089 | J21: 67054 | K21: 4023240 | L21: 69042
B22: 7 | C22: CIELO RASO | H22: 2075900 | I22: 0 | J22: 0 | K22: 0 | L22: 0
B23: 7.1 | C23: SUMINISTRO E INSTALACIÓN DE CIELO RASO PVC 10 MM (INCLUYE ESTRUCTURA Y COMPUERTAS PARA INSPECCION) Y TODOS LOS ACCESORIOS PARA SU CORRECTA INSTALACIÓN | D23: M² | E23: 103795 | F23: 20 | G23: 2075900 | I23: 106873 | J23: 100806 | K23: 2016120 | L23: 103795
B24: 8 | C24: APARATOS SANITARIOS Y ACCESORIOS | H24: 6985890 | I24: 0 | J24: 0 | K24: 0 | L24: 0
B25: 8.1 | C25: SUMINISTRO E INSTALACIÓN DE SANITARIO DE UNA PIEZA ARO ALONGADO ALTO 71 CM MATERIAL PORCELANA SANITARIA ANCHO 35 CM AHORRO DE AGUA TIPO DE DESCARGA DOBLE SISTEMA DE DESCARGA BOTON | D25: Un | E25: 523517 | F25: 6 | G25: 3141102 | I25: 534923 | J25: 508440 | K25: 3050640 | L25: 519517
B26: 8.2 | C26: SUMINISTRO E INSTALACIÓN DE LAVAMANOS DE SOBREPONER OVALADO BLANCO 39X32,5X14 CM INCLUYE GRIFERIA MONOCONTROL MATERIAL ACERO - ABS ALTO 29CM | D26: Un | E26: 381845 | F26: 6 | G26: 2291070 | I26: 382872 | J26: 370848 | K26: 2225088 | L26: 371845
B27: 8.3 | C27: SUMINISTRO E INSTALACIÓN DE GRIFERÍA DUCHA 8 PULGADAS (20CM LARGO) | D27: Un | E27: 111007 | F27: 6 | G27: 666042 | I27: 114299 | J27: 107810 | K27: 646860 | L27: 111007
B28: 8.4 | C28: SUMINISTRO E INSTALACIÓN DE TAPA REGISTROS 20 X 20 CM PLÁSTICAS | D28: Un | E28: 28546 | F28: 6 | G28: 171276 | I28: 29392 | J28: 27724 | K28: 166344 | L28: 28546
B29: 8.5 | C29: SUMINISTRO E INSTALACIÓN DE REJILLA PLÁSTICA SOSCO 3 X 2 | D29: Un | E29: 14114 | F29: 6 | G29: 84684 | I29: 14533 | J29: 13708 | K29: 82248 | L29: 14114
B30: 8.6 | C30: SUMINISTRO E INSTALACIÓN DE JABONERA DE PORCELANA | D30: Un | E30: 59394 | F30: 6 | G30: 356364 | I30: 61155 | J30: 57683 | K30: 346098 | L30: 59394
B31: 8.7 | C31: SUMINISTRO E INSTALACIÓN TOALLERO METALICO TERMINACION EN CROMO | D31: Un | E31: 45892 | F31: 6 | G31: 275352 | I31: 47253 | J31: 44570 | K31: 267420 | L31: 45892
B32: 9 | C32: INSTALACIONES ELECTRICAS | H32: 19909056 | I32: 0 | J32: 0 | K32: 0 | L32: 0
B33: 9,1- | C33: SUMINISTRO INSTALACIÓN Y PUESTA EN SERVICIO DE TOMACORRIENTE DOBLE MONOFÁSICA 15A./120V.(1Ø+N+PT) CON PROTECCIÓN POR FALLA A TIERRA (GFCI) (RED NORMAL), INCLUYE TUBERÍA PVC 3/4", SALIDA EN CABLEADO (PE, HF, FR, LS, LIBRE DE HALÓGENOS, RETARDANTE A LA LLAMA, BAJA EMISIÓN DE HUMOS) ACCESORIOS NECESARIOS PARA GARANTIZAR SU CORRECTA INSTALACIÓN Y PUESTA EN SERVICIO. | D33: Un | E33: 81300 | F33: 6 | G33: 487800 | I33: 83711 | J33: 78959 | K33: 473754 | L33: 81300
B34: 9.2 | C34: INSTALACION A TODO COSTO TUBERÍA PVC 1/2" X 3 MTS PARA PUNTOS ELÉCTRICO EN CIELO RASO DRYWALL Y ALAMBRADO SEGÚN NORMA RETIE + ACCESORIOS. (NO INCLUYE ALAMBRADO) + TRANSPORTE. | D34: ML | E34: 12994 | F34: 60 | G34: 779640 | I34: 13379 | J34: 12620 | K34: 757200 | L34: 12994
B35: 9.3 | C35: INSTALACION A TODO COSTO ALAMBRADO DE PUNTOS Y RED LIBRE DE ALUROGENOS # 12, CON RECUBRIMIENTO POR COLOR BLANCO, INCLUYE INSTALACIÓN Y DEMÁS ACCESORIOS SEGÚN NORMA RETIE + TRANSPORTE. | D35: ML | E35: 11816 | F35: 420 | G35: 4962720 | I35: 12166 | J35: 11476 | K35: 4819920 | L35: 11816
B36: 9.4 | C36: INSTALACION A TODO COSTO ALAMBRADO DE PUNTOS Y RED LIBRE DE ALUROGENOS # 12, CON RECUBRIMIENTO POR COLOR ROJO , INCLUYE INSTALACIÓN Y DEMÁS ACCESORIOS SEGÚN NORMA RETIE + TRANSPORTE. | D36: ML | E36: 11816 | F36: 420 | G36: 4962720 | I36: 12166 | J36: 11476 | K36: 4819920 | L36: 11816
B37: 9.5 | C37: INSTALACION A TODO COSTO ALAMBRADO DE PUNTOS Y RED LIBRE DE ALUROGENOS # 12, CON RECUBRIMIENTO POR COLOR VERDE , INCLUYE INSTALACIÓN Y DEMÁS ACCESORIOS SEGÚN NORMA RETIE + TRANSPORTE. | D37: ML | E37: 11816 | F37: 420 | G37: 4962720 | I37: 12166 | J37: 11476 | K37: 4819920 | L37: 11816
B38: 9.6 | C38: ADECUACIÓN A TODO COSTO INSTALACIÓN DE INTERRUPTOR SENCILLO LÍNEA ARQUEA PREARMADA DE IGUAL O SUPERIORES CARACTERÍSTICAS TÉCNICAS PREVIAMENTE AUTORIZADAS POR LA SUPERVISIÓN, SEGÚN NORMA RETIE, INCLUYE ASEO Y TRANSPORTE. | D38: UN | E38: 39903 | F38: 6 | G38: 239418 | I38: 41086 | J38: 38754 | K38: 232524 | L38: 39903
B39: 9.7 | C39: INSTALACIÓN A TODO COSTO DE TOMACORRIENTE DOBLE CON POLO A TIERRA (2P+T) LÍNEA ARQUEA PREARMADA DE IGUAL O SUPERIORES CARACTERÍSTICAS TÉCNICAS PREVIAMENTE AUTORIZADAS POR LA SUPERVISIÓN, SEGÚN NORMA RETIE, INCLUYE ASEO Y TRANSPORTE. | D39: UN | E39: 22209 | F39: 24 | G39: 533016 | I39: 26986 | J39: 21569 | K39: 517656 | L39: 26209
B40: 9.8 | C40: INSTALACIÓN A TODO COSTO DE PANEL LED INTEGRADO REDONDO DE INCRUSTAR 18W 22,5 CM, DE IGUAL O SUPERIORES CARACTERÍSTICAS TÉCNICAS PREVIAMENTE AUTORIZADAS POR LA SUPERVISIÓN LUZ BLANCA Y/O AMARILLA, SEGÚN NORMA RETIE, INCLUYE ASEO Y TRANSPORTE. | D40: UN | E40: 39644 | F40: 6 | G40: 237864 | I40: 40819 | J40: 38502 | K40: 231012 | L40: 39644
B41: 9.9 | C41: SIPS BOMBILLO LED 4 ASPAS ESCUALIZABLE 50W6500K | D41: UN | E41: 80063 | F41: 12 | G41: 960756 | I41: 82437 | J41: 77757 | K41: 933084 | L41: 80063
B42: 9.1 | C42: SUMINISTRO INSTALACIÓN Y PUESTA EN SERVICIO DE SALIDA CON Extractor Ministyle 14 cm x 14 cm, 10.3W, TENSIÓN DE OPERACIÓN 120V, INCLUYE CABLEADO, DUCTERIA, CAJAS, CURVAS Y TODO LO NECESARIO PARA SU CORRECTO FUNCIONAMIENTO. | D42: Un | E42: 189669 | F42: 6 | G42: 1138014 | I42: 195293 | J42: 184207 | K42: 1105242 | L42: 189669
B43: 9.11 | C43: SUMINISTRO INSTALACIÓN Y PUESTA EN SERVICIO DE INTERRUPTOR SENCILLO CONMUTABLE, INCLUYE SALIDA EN CABLEADO (PE, HF, FR, LS, LIBRE DE HALÓGENOS, RETARDANTE A LA LLAMA, BAJA EMISIÓN DE HUMOS), TUBERÍA PVC 3/4" Y TODOS LOS ACCESORIOS NECESARIOS PARA GARANTIZAR SU CORRECTA INSTALACIÓN Y PUESTA EN SERVICIO. | D43: Un | E43: 53699 | F43: 12 | G43: 644388 | I43: 55291 | J43: 52152 | K43: 625824 | L43: 53699
B44: 10 | C44: CARPINTERIA EN MADERA | H44: 10814127 | I44: 0 | J44: 0 | K44: 0 | L44: 0
B45: 10.1 | C45: PUERTA EN MADERA CON ACABADOS EN MELAMINICO COLOR A DEFINIR, CON 2 DILATACIONES EN FONDO INCLUYE MARCO EN EL MISMO MATERIAL, CHAPA Y TOPE MEDIA LUNA | D45: M2 | E45: 481761 | F45: 18 | G45: 8671698 | I45: 504285 | J45: 467886 | K45: 8421948 | L45: 489761
B46: 10.2 | C46: SUMINISTRO E INSTALACIÓN MUEBLE DE LAVAMANOS CON ENTREPAÑO EN MADECOR RH DE 15 MM ENCHAPADO EN FORMICA EN SU INTERIOR Y EN EL EXTERIOR ENCHAPADO EN FORMICA COLOR POR DEFINIR, CON MESÓN EN MÁRMOL GRANITO PULIDO COLOR POR DEFINIR INCLUYE SALPICADERO DE 0,15M DE ALTURA, INSTALACIÓN SUSPENDIDA + ENTREPAÑO, ACCESORIOS, ELEMENTOS DE FIJACIÓN Y TODO LO DEMÁS PARA SU CORRECTO FUNCIONAMIENTO. | D46: ML | E46: 714143 | F46: 3 | G46: 2142429 | I46: 735320 | J46: 693576 | K46: 2080728 | L46: 714143
B47: 11 | C47: MAMPOSTERIA | H47: 1374894 | I47: 0 | J47: 0 | K47: 0 | L47: 0
B48: 11.1 | C48: PAÑETE IMPERMEABILIZADO MUROS 1:3 - E= 15 MM. INCLUYE SU APLICACIÓN EN FILOS Y DILATACIONES" | D48: M² | E48: 25461 | F48: 54 | G48: 1374894 | I48: 26216 | J48: 24728 | K48: 1335312 | L48: 25461
B49: 12 | C49: VIDRIOS Y ESPEJOS | H49: 713642.92 | I49: 0 | J49: 0 | K49: 0 | L49: 0
B50: 12.1 | C50: SUMINISTRO E INSTALACION DE ESPEJO BISELADO E= 4 MM (FLOTADO EN MURO) | D50: M² | E50: 233163 | F50: 0.84 | G50: 195856.92 | I50: 240077 | J50: 226448 | K50: 190216.32 | L50: 233163
B51: 12.2 | C51: SUMINISTRO INSTALACIÓN DE DIVISIONES PARA DUCHA EN VIDRIO TEMPLADO BISELADO Y SANDBLASTING INCLUYE HERRAJES Y ACCESORIOS EN ACERO INOXIDABLE PARA SU CORRECTO FUNCIONAMIENTO. | D51: M² | E51: 517786 | F51: 1 | G51: 517786 | I51: 518725 | J51: 502874 | K51: 502874 | L51: 503786
B52: 13 | C52: INSTALACIONES HIDROSANITARIAS | H52: 1878612 | I52: 0 | J52: 0 | K52: 0 | L52: 0
B53: 13.1 | C53: SUMINISTRO E INSTALACIÓN DE PUNTO DE AGUA FRIA Ø 1/2" , INCLUYE ACCESORIOS PARA SU CORRECTA INSTALACIÓN. | D53: Un | E53: 46297 | F53: 12 | G53: 555564 | I53: 47670 | J53: 44964 | K53: 539568 | L53: 46297
B54: 13.2 | C54: SUMINISTRO E INSTALACIÓN DE PUNTO SANITARIO Ø 2" , INCLUYE ACCESORIOS PARA SU CORRECTA INSTALACION | D54: Un | E54: 54284 | F54: 6 | G54: 325704 | I54: 55894 | J54: 52721 | K54: 316326 | L54: 54284
B55: 13.3 | C55: SUMINISTRO E INSTALACION DE REGISTRO DE AGUA INCLUYE TAPA Y CAJA Ø 1/2" | D55: Un | E55: 92359 | F55: 6 | G55: 554154 | I55: 95098 | J55: 89699 | K55: 538194 | L55: 92359
B56: 13.4 | C56: SUMINISTRO E INSTALACIÓN DE SIFÓN Ø 3X2", INCLUYE ACCESORIOS PARA SU CORRECTA INSTALACION | D56: Un | E56: 46695 | F56: 6 | G56: 280170 | I56: 48080 | J56: 45350 | K56: 272100 | L56: 46695
B57: 13.5 | C57: SUMINISTRO E INSTALACIÓN DE TUBERÍA PVC PRESIÓN RDE 13.5 Ø 1/2", INCLUYE ACCESORIOS PARA SU CORRECTA INSTALACIÓN. | D57: Ml | E57: 16302 | F57: 10 | G57: 163020 | I57: 16785 | J57: 15833 | K57: 158330 | L57: 16302
B58: TOTAL COSTOS DIRECTOS | H58: 50937202 | K58: 49470650
B59: ADMINISTRACIÓN % | D59: A | F59: 0.272 | H59: 13854919 | K59: 13456017
B60: IMPREVISTOS % | D60: I | F60: 0.01 | H60: 509372.02 | K60: 494706.5
B61: UTILIDADES % | D61: U | F61: 0.04 | H61: 2037488.1 | K61: 1978826
B62: IVA SOBRE UTILIDAD | D62: % | F62: 0.19 | H62: 387122.73 | K62: 375976.94
B63: TOTAL COSTOS INDIRECTOS (A.I.U)+ IVA SOBRE UTILIDAD | H63: 16788902 | K63: 16305526
B64: VALOR TOTAL OBRAS CIVILES | H64: 67726104 | K64: 65776177
K66: 0.97120863
E67: DESTINACION | F67: TOTAL PRESUPUESTO ASIGNADO POR RUBRO -SOBREPASAR EL VALOR DEL PRESUPUESTO ASIGNADO SERÁ CAUSAL DE RECHAZO | G67: TOTAL OFERTA POR DESTINACION | K67: 69927969
E68: MANTENIMIENTO Y ADECUACIÓN SHELTERS OMEGA | F68: 70000000 | G68: 67726104 | K68: 0.96851239
B70: NOTA 1: EL PROPONENTE NO PODRÁ SOBREPASAR EL VALOR TOTAL ASIGNADO Y/O POR RUBRO Y/O DESTINO Y/O UNA VEZ REALIZADA CORRECCIÓN ARITMÉTICA POR PARTE DEL COMITÉ EVALUADOR ECONÓMICO, SO PENA DE RECHAZO
B71: NOTA 2. LA ADMINISTRACIÓN ADJUNTA "ANEXO - OFERTA ECONÓMICA" EN ARCHIVO EXCEL PARA FACILIDAD EN EL DILIGENCIAMIENTO POR PARTE DE LOS PROPONENTES, SIN EMBARGO SE ACLARA QUE ES RESPONSABILIDAD DEL MISMO LA INFORMACIÓN CONTENIDA EN EL ANEXO, POR LO QUE E SU DEBER VERIFICAR LOS DATOS REGISTRADOS (DESCRIPCIONES, CANTIDADES, FÓRMULAS Y DEMÁS NECESARIOS), LOS CUALES DEBERÁN CONCORDAR CON LO ESTABLECIDO EN EL ANEXO TÉCNICO
B72: _____________________________________________________________ PROYECTOS Y SOLUCIONES EN INGENIERÍA SAS Nombre: ALVARO RODRIGUEZ RANGEL Cargo:Representante legal Documento de Identidad:88.240.653_ de Cúcuta

Sheet CONSORCIO VENTURA
B2: FUERZAS MILITARES DE COLOMBIA- MINISTERIO DE DEFENSA NACIONAL
B3: FUERZA AÉREA COLOMBIANA
B4: COMANDO AÉREO DE COMBATE No.2
B5: OBJETO: | C5: MANTENIMIENTO PREVENTIVO Y CORRECTIVO Y ADECUACIÓN A TODO COSTO DE LOS CONTENEDORES (SHELTERS) DE LA FTC OMEGA - PAC RADAR DE SAN JOSE DEL GUAVIARE Y TORRE RADAR DE CONFORMIDAD CON LAS ESPECIFICACIONES TECNICAS.
B7: NOTAS:
B8: Las cantidades de obra que a continuación se presentan son aproximadas.
B9: Su pago será determinado por la obra medida, realmente ejecutada, previa medición por parte de la supervision
B10: Durante la ejecución de la obra se deben verificar las medidas por parte del contratista y la supervision.
B11: El contratista deberá prever todos los costos correspondientes a materiales, mano de obra, transportes y demás costos directos e indirectos requeridos para realizar la totalidad de las obras.
B12: ANEXO 7.1.
B13: PRESUPUESTO OFICIAL RUBRO 02-01-01-001-002-10 REC 10 $70.000.000,00
B15: OFERTA ECONOMICA
B16: MANTENIMIENTO Y ADECUACION SHELTERS OMEGA
B17: ÍTEM | C17: ACTIVIDAD | D17: UND | E17: VALOR UNITARIO | F17: CANTIDAD | G17: VALOR PARCIAL | H17: VALOR TOTAL
B18: 6 | C18: ACABADOS E IMPERMEABILIZACIONES | H18: 7196743.2
B19: 6.1 | C19: ALISTADO DE PISO EN CONCRETO DE 3000 PSI E=0.05 MTS (PREPARACIÓN DE SUPERFICIE) | D19: M² | E19: 35610.557 | F19: 20 | G19: 712211.15 | J19: 36607
B20: 6.2 | C20: SUMINISTRO E INSTALACION DE SUMINISTRO E INSTALACION DE PISO EN CERAMICA REF: 907012771 (EN BAÑOS A INTERVENIR.) | D20: M² | E20: 116764.73 | F20: 20 | G20: 2335294.6 | J20: 120032
B21: 6.3 | C21: SUMINISTRO E INSTALACION DE CERAMICA DE PARED REF: 755039031 (INCLUYE RESANE DEL PAÑETE EXISTENTE Y PIRAGUA EN ALUMINIO BLANCO EN LOS FILOS) (EN LOS BAÑOS A INTERVENIR.) | D21: M² | E21: 69153.957 | F21: 60 | G21: 4149237.4 | J21: 71089
B22: 7 | C22: CIELO RASO | E22: 0 | G22: 0 | H22: 2079278.3
B23: 7.1 | C23: SUMINISTRO E INSTALACIÓN DE CIELO RASO PVC 10 MM (INCLUYE ESTRUCTURA Y COMPUERTAS PARA INSPECCION) Y TODOS LOS ACCESORIOS PARA SU CORRECTA INSTALACIÓN | D23: M² | E23: 103963.92 | F23: 20 | G23: 2079278.3 | J23: 106873
B24: 8 | C24: APARATOS SANITARIOS Y ACCESORIOS | E24: 0 | G24: 0 | H24: 6913121.4
B25: 8.1 | C25: SUMINISTRO E INSTALACIÓN DE SANITARIO DE UNA PIEZA ARO ALONGADO ALTO 71 CM MATERIAL PORCELANA SANITARIA ANCHO 35 CM AHORRO DE AGUA TIPO DE DESCARGA DOBLE SISTEMA DE DESCARGA BOTON | D25: Un | E25: 520362.4 | F25: 6 | G25: 3122174.4 | J25: 534923
B26: 8.2 | C26: SUMINISTRO E INSTALACIÓN DE LAVAMANOS DE SOBREPONER OVALADO BLANCO 39X32,5X14 CM INCLUYE GRIFERIA MONOCONTROL MATERIAL ACERO - ABS ALTO 29CM | D26: Un | E26: 372450.22 | F26: 6 | G26: 2234701.3 | J26: 382872
B27: 8.3 | C27: SUMINISTRO E INSTALACIÓN DE GRIFERÍA DUCHA 8 PULGADAS (20CM LARGO) | D27: Un | E27: 111187.78 | F27: 6 | G27: 667126.69 | J27: 114299
B28: 8.4 | C28: SUMINISTRO E INSTALACIÓN DE TAPA REGISTROS 20 X 20 CM PLÁSTICAS | D28: Un | E28: 28591.95 | F28: 6 | G28: 171551.7 | J28: 29392
B29: 8.5 | C29: SUMINISTRO E INSTALACIÓN DE REJILLA PLÁSTICA SOSCO 3 X 2 | D29: Un | E29: 14137.412 | F29: 6 | G29: 84824.47 | J29: 14533
B30: 8.6 | C30: SUMINISTRO E INSTALACIÓN DE JABONERA DE PORCELANA | D30: Un | E30: 59490.361 | F30: 6 | G30: 356942.17 | J30: 61155
B31: 8.7 | C31: SUMINISTRO E INSTALACIÓN TOALLERO METALICO TERMINACION EN CROMO | D31: Un | E31: 45966.773 | F31: 6 | G31: 275800.64 | J31: 47253
B32: 9 | C32: INSTALACIONES ELECTRICAS | E32: 0 | G32: 0 | H32: 20037071
B33: 9,1- | C33: SUMINISTRO INSTALACIÓN Y PUESTA EN SERVICIO DE TOMACORRIENTE DOBLE MONOFÁSICA 15A./120V.(1Ø+N+PT) CON PROTECCIÓN POR FALLA A TIERRA (GFCI) (RED NORMAL), INCLUYE TUBERÍA PVC 3/4", SALIDA EN CABLEADO (PE, HF, FR, LS, LIBRE DE HALÓGENOS, RETARDANTE A LA LLAMA, BAJA EMISIÓN DE HUMOS) ACCESORIOS NECESARIOS PARA GARANTIZAR SU CORRECTA INSTALACIÓN Y PUESTA EN SERVICIO. | D33: Un | E33: 81432.387 | F33: 6 | G33: 488594.32 | J33: 83711
B34: 9.2 | C34: INSTALACION A TODO COSTO TUBERÍA PVC 1/2" X 3 MTS PARA PUNTOS ELÉCTRICO EN CIELO RASO DRYWALL Y ALAMBRADO SEGÚN NORMA RETIE + ACCESORIOS. (NO INCLUYE ALAMBRADO) + TRANSPORTE. | D34: ML | E34: 13014.824 | F34: 60 | G34: 780889.42 | J34: 13379
B35: 9.3 | C35: INSTALACION A TODO COSTO ALAMBRADO DE PUNTOS Y RED LIBRE DE ALUROGENOS # 12, CON RECUBRIMIENTO POR COLOR BLANCO, INCLUYE INSTALACIÓN Y DEMÁS ACCESORIOS SEGÚN NORMA RETIE + TRANSPORTE. | D35: ML | E35: 11834.841 | F35: 420 | G35: 4970633.4 | J35: 12166
B36: 9.4 | C36: INSTALACION A TODO COSTO ALAMBRADO DE PUNTOS Y RED LIBRE DE ALUROGENOS # 12, CON RECUBRIMIENTO POR COLOR ROJO , INCLUYE INSTALACIÓN Y DEMÁS ACCESORIOS SEGÚN NORMA RETIE + TRANSPORTE. | D36: ML | E36: 11834.841 | F36: 420 | G36: 4970633.4 | J36: 12166
B37: 9.5 | C37: INSTALACION A TODO COSTO ALAMBRADO DE PUNTOS Y RED LIBRE DE ALUROGENOS # 12, CON RECUBRIMIENTO POR COLOR VERDE , INCLUYE INSTALACIÓN Y DEMÁS ACCESORIOS SEGÚN NORMA RETIE + TRANSPORTE. | D37: ML | E37: 11834.841 | F37: 420 | G37: 4970633.4 | J37: 12166
B38: 9.6 | C38: ADECUACIÓN A TODO COSTO INSTALACIÓN DE INTERRUPTOR SENCILLO LÍNEA ARQUEA PREARMADA DE IGUAL O SUPERIORES CARACTERÍSTICAS TÉCNICAS PREVIAMENTE AUTORIZADAS POR LA SUPERVISIÓN, SEGÚN NORMA RETIE, INCLUYE ASEO Y TRANSPORTE. | D38: UN | E38: 39967.639 | F38: 6 | G38: 239805.83 | J38: 41086
B39: 9.7 | C39: INSTALACIÓN A TODO COSTO DE TOMACORRIENTE DOBLE CON POLO A TIERRA (2P+T) LÍNEA ARQUEA PREARMADA DE IGUAL O SUPERIORES CARACTERÍSTICAS TÉCNICAS PREVIAMENTE AUTORIZADAS POR LA SUPERVISIÓN, SEGÚN NORMA RETIE, INCLUYE ASEO Y TRANSPORTE. | D39: UN | E39: 26251.441 | F39: 24 | G39: 630034.59 | J39: 26986
B40: 9.8 | C40: INSTALACIÓN A TODO COSTO DE PANEL LED INTEGRADO REDONDO DE INCRUSTAR 18W 22,5 CM, DE IGUAL O SUPERIORES CARACTERÍSTICAS TÉCNICAS PREVIAMENTE AUTORIZADAS POR LA SUPERVISIÓN LUZ BLANCA Y/O AMARILLA, SEGÚN NORMA RETIE, INCLUYE ASEO Y TRANSPORTE. | D40: UN | E40: 39707.907 | F40: 6 | G40: 238247.44 | J40: 40819
B41: 9.9 | C41: SIPS BOMBILLO LED 4 ASPAS ESCUALIZABLE 50W6500K | D41: UN | E41: 80192.092 | F41: 12 | G41: 962305.1 | J41: 82436
B42: 9.1 | C42: SUMINISTRO INSTALACIÓN Y PUESTA EN SERVICIO DE SALIDA CON Extractor Ministyle 14 cm x 14 cm, 10.3W, TENSIÓN DE OPERACIÓN 120V, INCLUYE CABLEADO, DUCTERIA, CAJAS, CURVAS Y TODO LO NECESARIO PARA SU CORRECTO FUNCIONAMIENTO. | D42: Un | E42: 189977.12 | F42: 6 | G42: 1139862.7 | J42: 195293
B43: 9.11 | C43: SUMINISTRO INSTALACIÓN Y PUESTA EN SERVICIO DE INTERRUPTOR SENCILLO CONMUTABLE, INCLUYE SALIDA EN CABLEADO (PE, HF, FR, LS, LIBRE DE HALÓGENOS, RETARDANTE A LA LLAMA, BAJA EMISIÓN DE HUMOS), TUBERÍA PVC 3/4" Y TODOS LOS ACCESORIOS NECESARIOS PARA GARANTIZAR SU CORRECTA INSTALACIÓN Y PUESTA EN SERVICIO. | D43: Un | E43: 53785.979 | F43: 12 | G43: 645431.75 | J43: 55291
B44: 10 | C44: CARPINTERIA EN MADERA | E44: 0 | G44: 0 | H44: 10975947
B45: 10.1 | C45: PUERTA EN MADERA CON ACABADOS EN MELAMINICO COLOR A DEFINIR, CON 2 DILATACIONES EN FONDO INCLUYE MARCO EN EL MISMO MATERIAL, CHAPA Y TOPE MEDIA LUNA | D45: M2 | E45: 490557.39 | F45: 18 | G45: 8830033 | J45: 504284
B46: 10.2 | C46: SUMINISTRO E INSTALACIÓN MUEBLE DE LAVAMANOS CON ENTREPAÑO EN MADECOR RH DE 15 MM ENCHAPADO EN FORMICA EN SU INTERIOR Y EN EL EXTERIOR ENCHAPADO EN FORMICA COLOR POR DEFINIR, CON MESÓN EN MÁRMOL GRANITO PULIDO COLOR POR DEFINIR INCLUYE SALPICADERO DE 0,15M DE ALTURA, INSTALACIÓN SUSPENDIDA + ENTREPAÑO, ACCESORIOS, ELEMENTOS DE FIJACIÓN Y TODO LO DEMÁS PARA SU CORRECTO FUNCIONAMIENTO. | D46: ML | E46: 715304.59 | F46: 3 | G46: 2145913.8 | J46: 735320
B47: 11 | C47: MAMPOSTERIA | E47: 0 | G47: 0 | H47: 1377129.6
B48: 11.1 | C48: PAÑETE IMPERMEABILIZADO MUROS 1:3 - E= 15 MM. INCLUYE SU APLICACIÓN EN FILOS Y DILATACIONES" | D48: M² | E48: 25502.4 | F48: 54 | G48: 1377129.6 | J48: 26216
B49: 12 | C49: VIDRIOS Y ESPEJOS | E49: 0 | G49: 0 | H49: 700780.67
B50: 12.1 | C50: SUMINISTRO E INSTALACION DE ESPEJO BISELADO E= 4 MM (FLOTADO EN MURO) | D50: M² | E50: 233542.1 | F50: 0.84 | G50: 196175.37 | J50: 240077
B51: 12.2 | C51: SUMINISTRO INSTALACIÓN DE DIVISIONES PARA DUCHA EN VIDRIO TEMPLADO BISELADO Y SANDBLASTING INCLUYE HERRAJES Y ACCESORIOS EN ACERO INOXIDABLE PARA SU CORRECTO FUNCIONAMIENTO. | D51: M² | E51: 504605.31 | F51: 1 | G51: 504605.31 | J51: 518725
B52: 13 | C52: INSTALACIONES HIDROSANITARIAS | E52: 0 | G52: 0 | H52: 1881669.8
B53: 13.1 | C53: SUMINISTRO E INSTALACIÓN DE PUNTO DE AGUA FRIA Ø 1/2" , INCLUYE ACCESORIOS PARA SU CORRECTA INSTALACIÓN. | D53: Un | E53: 46372.423 | F53: 12 | G53: 556469.07 | J53: 47670
B54: 13.2 | C54: SUMINISTRO E INSTALACIÓN DE PUNTO SANITARIO Ø 2" , INCLUYE ACCESORIOS PARA SU CORRECTA INSTALACION | D54: Un | E54: 54372.565 | F54: 6 | G54: 326235.39 | J54: 55894
B55: 13.3 | C55: SUMINISTRO E INSTALACION DE REGISTRO DE AGUA INCLUYE TAPA Y CAJA Ø 1/2" | D55: Un | E55: 92509.432 | F55: 6 | G55: 555056.59 | J55: 95098
B56: 13.4 | C56: SUMINISTRO E INSTALACIÓN DE SIFÓN Ø 3X2", INCLUYE ACCESORIOS PARA SU CORRECTA INSTALACION | D56: Un | E56: 46771.262 | F56: 6 | G56: 280627.57 | J56: 48080
B57: 13.5 | C57: SUMINISTRO E INSTALACIÓN DE TUBERÍA PVC PRESIÓN RDE 13.5 Ø 1/2", INCLUYE ACCESORIOS PARA SU CORRECTA INSTALACIÓN. | D57: Ml | E57: 16328.112 | F57: 10 | G57: 163281.12 | J57: 16785
B58: TOTAL COSTOS DIRECTOS | H58: 51161741
B59: ADMINISTRACIÓN % | D59: A | F59: 0.272 | H59: 13915994
B60: IMPREVISTOS % | D60: I | F60: 0.01 | H60: 511617.41
B61: UTILIDADES % | D61: U | F61: 0.04 | H61: 2046469.6
B62: IVA SOBRE UTILIDAD | D62: % | F62: 0.19 | H62: 388829.23
B63: TOTAL COSTOS INDIRECTOS (A.I.U)+ IVA SOBRE UTILIDAD | H63: 16862910
B64: VALOR TOTAL OBRAS CIVILES | H64: 68024651
E67: DESTINACION | F67: TOTAL PRESUPUESTO ASIGNADO POR RUBRO -SOBREPASAR EL VALOR DEL PRESUPUESTO ASIGNADO SERÁ CAUSAL DE RECHAZO | G67: TOTAL OFERTA POR DESTINACION
E68: MANTENIMIENTO Y ADECUACIÓN SHELTERS OMEGA | F68: 70000000 | G68: 68024651
B71: NOTA 1: EL PROPONENTE NO PODRÁ SOBREPASAR EL VALOR TOTAL ASIGNADO Y/O POR RUBRO Y/O DESTINO Y/O UNA VEZ REALIZADA CORRECCIÓN ARITMÉTICA POR PARTE DEL COMITÉ EVALUADOR ECONÓMICO, SO PENA DE RECHAZO
B73: NOTA 2. LA ADMINISTRACIÓN ADJUNTA "ANEXO - OFERTA ECONÓMICA" EN ARCHIVO EXCEL PARA FACILIDAD EN EL DILIGENCIAMIENTO POR PARTE DE LOS PROPONENTES, SIN EMBARGO SE ACLARA QUE ES RESPONSABILIDAD DEL MISMO LA INFORMACIÓN CONTENIDA EN EL ANEXO, POR LO QUE E SU DEBER VERIFICAR LOS DATOS REGISTRADOS (DESCRIPCIONES, CANTIDADES, FÓRMULAS Y DEMÁS NECESARIOS), LOS CUALES DEBERÁN CONCORDAR CON LO ESTABLECIDO EN EL ANEXO TÉCNICO
B76: _____________________________________________________________ MARIA JOSE HERRERA GUZMAN Representante Legal CONSORCIO VENTURA CC. 52,452,955 de Bogotá

Sheet FABIO GARZON DAZA
B2: FUERZAS MILITARES DE COLOMBIA- MINISTERIO DE DEFENSA NACIONAL
B3: FUERZA AÉREA COLOMBIANA
B4: COMANDO AÉREO DE COMBATE No.2
B5: OBJETO: | C5: MANTENIMIENTO PREVENTIVO Y CORRECTIVO Y ADECUACIÓN A TODO COSTO DE LOS CONTENEDORES (SHELTERS) DE LA FTC OMEGA - PAC RADAR DE SAN JOSE DEL GUAVIARE Y TORRE RADAR DE CONFORMIDAD CON LAS ESPECIFICACIONES TECNICAS.
B7: NOTAS:
B8: Las cantidades de obra que a continuación se presentan son aproximadas.
B9: Su pago será determinado por la obra medida, realmente ejecutada, previa medición por parte de la supervision
B10: Durante la ejecución de la obra se deben verificar las medidas por parte del contratista y la supervision.
B11: El contratista deberá prever todos los costos correspondientes a materiales, mano de obra, transportes y demás costos directos e indirectos requeridos para realizar la totalidad de las obras.
B12: ANEXO 7.1.
B13: PRESUPUESTO OFICIAL RUBRO 02-01-01-001-002-10 REC 10 $70.000.000,00
B15: OFERTA ECONOMICA
B16: MANTENIMIENTO Y ADECUACION SHELTERS OMEGA
B17: ÍTEM | C17: ACTIVIDAD | D17: UND | E17: VALOR UNITARIO | F17: CANTIDAD | G17: VALOR PARCIAL | H17: VALOR TOTAL
B18: 6 | C18: ACABADOS E IMPERMEABILIZACIONES | H18: 7078160
B19: 6.1 | C19: ALISTADO DE PISO EN CONCRETO DE 3000 PSI E=0.05 MTS (PREPARACIÓN DE SUPERFICIE) | D19: M² | E19: 35143 | F19: 20 | G19: 702860
B20: 6.2 | C20: SUMINISTRO E INSTALACION DE SUMINISTRO E INSTALACION DE PISO EN CERAMICA REF: 907012771 (EN BAÑOS A INTERVENIR.) | D20: M² | E20: 114030 | F20: 20 | G20: 2280600
B21: 6.3 | C21: SUMINISTRO E INSTALACION DE CERAMICA DE PARED REF: 755039031 (INCLUYE RESANE DEL PAÑETE EXISTENTE Y PIRAGUA EN ALUMINIO BLANCO EN LOS FILOS) (EN LOS BAÑOS A INTERVENIR.) | D21: M² | E21: 68245 | F21: 60 | G21: 4094700
B22: 7 | C22: CIELO RASO | H22: 2012820
B23: 7.1 | C23: SUMINISTRO E INSTALACIÓN DE CIELO RASO PVC 10 MM (INCLUYE ESTRUCTURA Y COMPUERTAS PARA INSPECCION) Y TODOS LOS ACCESORIOS PARA SU CORRECTA INSTALACIÓN | D23: M² | E23: 100641 | F23: 20 | G23: 2012820
B24: 8 | C24: APARATOS SANITARIOS Y ACCESORIOS | H24: 6959970
B25: 8.1 | C25: SUMINISTRO E INSTALACIÓN DE SANITARIO DE UNA PIEZA ARO ALONGADO ALTO 71 CM MATERIAL PORCELANA SANITARIA ANCHO 35 CM AHORRO DE AGUA TIPO DE DESCARGA DOBLE SISTEMA DE DESCARGA BOTON | D25: Un | E25: 526899 | F25: 6 | G25: 3161394
B26: 8.2 | C26: SUMINISTRO E INSTALACIÓN DE LAVAMANOS DE SOBREPONER OVALADO BLANCO 39X32,5X14 CM INCLUYE GRIFERIA MONOCONTROL MATERIAL ACERO - ABS ALTO 29CM | D26: Un | E26: 377129 | F26: 6 | G26: 2262774
B27: 8.3 | C27: SUMINISTRO E INSTALACIÓN DE GRIFERÍA DUCHA 8 PULGADAS (20CM LARGO) | D27: Un | E27: 109727 | F27: 6 | G27: 658362
B28: 8.4 | C28: SUMINISTRO E INSTALACIÓN DE TAPA REGISTROS 20 X 20 CM PLÁSTICAS | D28: Un | E28: 28216 | F28: 6 | G28: 169296
B29: 8.5 | C29: SUMINISTRO E INSTALACIÓN DE REJILLA PLÁSTICA SOSCO 3 X 2 | D29: Un | E29: 13952 | F29: 6 | G29: 83712
B30: 8.6 | C30: SUMINISTRO E INSTALACIÓN DE JABONERA DE PORCELANA | D30: Un | E30: 58709 | F30: 6 | G30: 352254
B31: 8.7 | C31: SUMINISTRO E INSTALACIÓN TOALLERO METALICO TERMINACION EN CROMO | D31: Un | E31: 45363 | F31: 6 | G31: 272178
B32: 9 | C32: INSTALACIONES ELECTRICAS | H32: 19773402
B33: 9,1- | C33: SUMINISTRO INSTALACIÓN Y PUESTA EN SERVICIO DE TOMACORRIENTE DOBLE MONOFÁSICA 15A./120V.(1Ø+N+PT) CON PROTECCIÓN POR FALLA A TIERRA (GFCI) (RED NORMAL), INCLUYE TUBERÍA PVC 3/4", SALIDA EN CABLEADO (PE, HF, FR, LS, LIBRE DE HALÓGENOS, RETARDANTE A LA LLAMA, BAJA EMISIÓN DE HUMOS) ACCESORIOS NECESARIOS PARA GARANTIZAR SU CORRECTA INSTALACIÓN Y PUESTA EN SERVICIO. | D33: Un | E33: 80363 | F33: 6 | G33: 482178
B34: 9.2 | C34: INSTALACION A TODO COSTO TUBERÍA PVC 1/2" X 3 MTS PARA PUNTOS ELÉCTRICO EN CIELO RASO DRYWALL Y ALAMBRADO SEGÚN NORMA RETIE + ACCESORIOS. (NO INCLUYE ALAMBRADO) + TRANSPORTE. | D34: ML | E34: 12844 | F34: 60 | G34: 770640
B35: 9.3 | C35: INSTALACION A TODO COSTO ALAMBRADO DE PUNTOS Y RED LIBRE DE ALUROGENOS # 12, CON RECUBRIMIENTO POR COLOR BLANCO, INCLUYE INSTALACIÓN Y DEMÁS ACCESORIOS SEGÚN NORMA RETIE + TRANSPORTE. | D35: ML | E35: 11679 | F35: 420 | G35: 4905180
B36: 9.4 | C36: INSTALACION A TODO COSTO ALAMBRADO DE PUNTOS Y RED LIBRE DE ALUROGENOS # 12, CON RECUBRIMIENTO POR COLOR ROJO , INCLUYE INSTALACIÓN Y DEMÁS ACCESORIOS SEGÚN NORMA RETIE + TRANSPORTE. | D36: ML | E36: 11679 | F36: 420 | G36: 4905180
B37: 9.5 | C37: INSTALACION A TODO COSTO ALAMBRADO DE PUNTOS Y RED LIBRE DE ALUROGENOS # 12, CON RECUBRIMIENTO POR COLOR VERDE , INCLUYE INSTALACIÓN Y DEMÁS ACCESORIOS SEGÚN NORMA RETIE + TRANSPORTE. | D37: ML | E37: 11679 | F37: 420 | G37: 4905180
B38: 9.6 | C38: ADECUACIÓN A TODO COSTO INSTALACIÓN DE INTERRUPTOR SENCILLO LÍNEA ARQUEA PREARMADA DE IGUAL O SUPERIORES CARACTERÍSTICAS TÉCNICAS PREVIAMENTE AUTORIZADAS POR LA SUPERVISIÓN, SEGÚN NORMA RETIE, INCLUYE ASEO Y TRANSPORTE. | D38: UN | E38: 39443 | F38: 6 | G38: 236658
B39: 9.7 | C39: INSTALACIÓN A TODO COSTO DE TOMACORRIENTE DOBLE CON POLO A TIERRA (2P+T) LÍNEA ARQUEA PREARMADA DE IGUAL O SUPERIORES CARACTERÍSTICAS TÉCNICAS PREVIAMENTE AUTORIZADAS POR LA SUPERVISIÓN, SEGÚN NORMA RETIE, INCLUYE ASEO Y TRANSPORTE. | D39: UN | E39: 25907 | F39: 24 | G39: 621768
B40: 9.8 | C40: INSTALACIÓN A TODO COSTO DE PANEL LED INTEGRADO REDONDO DE INCRUSTAR 18W 22,5 CM, DE IGUAL O SUPERIORES CARACTERÍSTICAS TÉCNICAS PREVIAMENTE AUTORIZADAS POR LA SUPERVISIÓN LUZ BLANCA Y/O AMARILLA, SEGÚN NORMA RETIE, INCLUYE ASEO Y TRANSPORTE. | D40: UN | E40: 39186 | F40: 6 | G40: 235116
B41: 9.9 | C41: SIPS BOMBILLO LED 4 ASPAS ESCUALIZABLE 50W6500K | D41: UN | E41: 79139 | F41: 12 | G41: 949668
B42: 9.1 | C42: SUMINISTRO INSTALACIÓN Y PUESTA EN SERVICIO DE SALIDA CON Extractor Ministyle 14 cm x 14 cm, 10.3W, TENSIÓN DE OPERACIÓN 120V, INCLUYE CABLEADO, DUCTERIA, CAJAS, CURVAS Y TODO LO NECESARIO PARA SU CORRECTO FUNCIONAMIENTO. | D42: Un | E42: 187481 | F42: 6 | G42: 1124886
B43: 9.11 | C43: SUMINISTRO INSTALACIÓN Y PUESTA EN SERVICIO DE INTERRUPTOR SENCILLO CONMUTABLE, INCLUYE SALIDA EN CABLEADO (PE, HF, FR, LS, LIBRE DE HALÓGENOS, RETARDANTE A LA LLAMA, BAJA EMISIÓN DE HUMOS), TUBERÍA PVC 3/4" Y TODOS LOS ACCESORIOS NECESARIOS PARA GARANTIZAR SU CORRECTA INSTALACIÓN Y PUESTA EN SERVICIO. | D43: Un | E43: 53079 | F43: 12 | G43: 636948
B44: 10 | C44: CARPINTERIA EN MADERA | H44: 11113830
B45: 10.1 | C45: PUERTA EN MADERA CON ACABADOS EN MELAMINICO COLOR A DEFINIR, CON 2 DILATACIONES EN FONDO INCLUYE MARCO EN EL MISMO MATERIAL, CHAPA Y TOPE MEDIA LUNA | D45: M2 | E45: 496720 | F45: 18 | G45: 8940960
B46: 10.2 | C46: SUMINISTRO E INSTALACIÓN MUEBLE DE LAVAMANOS CON ENTREPAÑO EN MADECOR RH DE 15 MM ENCHAPADO EN FORMICA EN SU INTERIOR Y EN EL EXTERIOR ENCHAPADO EN FORMICA COLOR POR DEFINIR, CON MESÓN EN MÁRMOL GRANITO PULIDO COLOR POR DEFINIR INCLUYE SALPICADERO DE 0,15M DE ALTURA, INSTALACIÓN SUSPENDIDA + ENTREPAÑO, ACCESORIOS, ELEMENTOS DE FIJACIÓN Y TODO LO DEMÁS PARA SU CORRECTO FUNCIONAMIENTO. | D46: ML | E46: 724290 | F46: 3 | G46: 2172870
B47: 11 | C47: MAMPOSTERIA | H47: 1359018
B48: 11.1 | C48: PAÑETE IMPERMEABILIZADO MUROS 1:3 - E= 15 MM. INCLUYE SU APLICACIÓN EN FILOS Y DILATACIONES" | D48: M² | E48: 25167 | F48: 54 | G48: 1359018
B49: 12 | C49: VIDRIOS Y ESPEJOS | H49: 712177.84
B50: 12.1 | C50: SUMINISTRO E INSTALACION DE ESPEJO BISELADO E= 4 MM (FLOTADO EN MURO) | D50: M² | E50: 236476 | F50: 0.84 | G50: 198639.84
B51: 12.2 | C51: SUMINISTRO INSTALACIÓN DE DIVISIONES PARA DUCHA EN VIDRIO TEMPLADO BISELADO Y SANDBLASTING INCLUYE HERRAJES Y ACCESORIOS EN ACERO INOXIDABLE PARA SU CORRECTO FUNCIONAMIENTO. | D51: M² | E51: 513538 | F51: 1 | G51: 513538
B52: 13 | C52: INSTALACIONES HIDROSANITARIAS | H52: 1856950
B53: 13.1 | C53: SUMINISTRO E INSTALACIÓN DE PUNTO DE AGUA FRIA Ø 1/2" , INCLUYE ACCESORIOS PARA SU CORRECTA INSTALACIÓN. | D53: Un | E53: 45763 | F53: 12 | G53: 549156
B54: 13.2 | C54: SUMINISTRO E INSTALACIÓN DE PUNTO SANITARIO Ø 2" , INCLUYE ACCESORIOS PARA SU CORRECTA INSTALACION | D54: Un | E54: 53658 | F54: 6 | G54: 321948
B55: 13.3 | C55: SUMINISTRO E INSTALACION DE REGISTRO DE AGUA INCLUYE TAPA Y CAJA Ø 1/2" | D55: Un | E55: 91294 | F55: 6 | G55: 547764
B56: 13.4 | C56: SUMINISTRO E INSTALACIÓN DE SIFÓN Ø 3X2", INCLUYE ACCESORIOS PARA SU CORRECTA INSTALACION | D56: Un | E56: 46157 | F56: 6 | G56: 276942
B57: 13.5 | C57: SUMINISTRO E INSTALACIÓN DE TUBERÍA PVC PRESIÓN RDE 13.5 Ø 1/2", INCLUYE ACCESORIOS PARA SU CORRECTA INSTALACIÓN. | D57: Ml | E57: 16114 | F57: 10 | G57: 161140
B58: TOTAL COSTOS DIRECTOS | H58: 50866328
B59: ADMINISTRACIÓN % | D59: A | F59: 0.272 | H59: 13835641
B60: IMPREVISTOS % | D60: I | F60: 0.01 | H60: 508663.28
B61: UTILIDADES % | D61: U | F61: 0.04 | H61: 2034653.1
B62: IVA SOBRE UTILIDAD | D62: % | F62: 0.19 | H62: 386584.09
B63: TOTAL COSTOS INDIRECTOS (A.I.U)+ IVA SOBRE UTILIDAD | H63: 16765542
B64: VALOR TOTAL OBRAS CIVILES | H64: 67631869
E67: DESTINACION | F67: TOTAL PRESUPUESTO ASIGNADO POR RUBRO -SOBREPASAR EL VALOR DEL PRESUPUESTO ASIGNADO SERÁ CAUSAL DE RECHAZO | G67: TOTAL OFERTA POR DESTINACION
E68: MANTENIMIENTO Y ADECUACIÓN SHELTERS OMEGA | F68: 70000000 | G68: 67631869
B71: NOTA 1: EL PROPONENTE NO PODRÁ SOBREPASAR EL VALOR TOTAL ASIGNADO Y/O POR RUBRO Y/O DESTINO Y/O UNA VEZ REALIZADA CORRECCIÓN ARITMÉTICA POR PARTE DEL COMITÉ EVALUADOR ECONÓMICO, SO PENA DE RECHAZO
B73: NOTA 2. LA ADMINISTRACIÓN ADJUNTA "ANEXO - OFERTA ECONÓMICA" EN ARCHIVO EXCEL PARA FACILIDAD EN EL DILIGENCIAMIENTO POR PARTE DE LOS PROPONENTES, SIN EMBARGO SE ACLARA QUE ES RESPONSABILIDAD DEL MISMO LA INFORMACIÓN CONTENIDA EN EL ANEXO, POR LO QUE E SU DEBER VERIFICAR LOS DATOS REGISTRADOS (DESCRIPCIONES, CANTIDADES, FÓRMULAS Y DEMÁS NECESARIOS), LOS CUALES DEBERÁN CONCORDAR CON LO ESTABLECIDO EN EL ANEXO TÉCNICO
B76: _____________________________________________________________ [Firma representante legal del Proponente o del Proponente persona natural] Nombre: FABIO GARZON DAZA Cargo: ARQUITECTO Documento de Identidad: 19,336,660 de Bogota

Sheet SKYTECH S.A.S
B2: FUERZAS MILITARES DE COLOMBIA- MINISTERIO DE DEFENSA NACIONAL
B3: FUERZA AÉREA COLOMBIANA
B4: COMANDO AÉREO DE COMBATE No.2
B5: OBJETO: | C5: MANTENIMIENTO PREVENTIVO Y CORRECTIVO Y ADECUACIÓN A TODO COSTO DE LOS CONTENEDORES (SHELTERS) DE LA FTC OMEGA - PAC RADAR DE SAN JOSE DEL GUAVIARE Y TORRE RADAR DE CONFORMIDAD CON LAS ESPECIFICACIONES TECNICAS.
B7: NOTAS:
B8: Las cantidades de obra que a continuación se presentan son aproximadas.
B9: Su pago será determinado por la obra medida, realmente ejecutada, previa medición por parte de la supervision
B10: Durante la ejecución de la obra se deben verificar las medidas por parte del contratista y la supervision.
B11: El contratista deberá prever todos los costos correspondientes a materiales, mano de obra, transportes y demás costos directos e indirectos requeridos para realizar la totalidad de las obras.
B12: ANEXO 7.1.
B13: PRESUPUESTO OFICIAL RUBRO 02-01-01-001-002-10 REC 10 $70.000.000,00
B15: OFERTA ECONOMICA
B16: MANTENIMIENTO Y ADECUACION SHELTERS OMEGA
B17: ÍTEM | C17: ACTIVIDAD | D17: UND | E17: VALOR UNITARIO | F17: CANTIDAD | G17: VALOR PARCIAL | H17: VALOR TOTAL
B18: 6 | C18: ACABADOS E IMPERMEABILIZACIONES | H18: 7375925.4
B19: 6.1 | C19: ALISTADO DE PISO EN CONCRETO DE 3000 PSI E=0.05 MTS (PREPARACIÓN DE SUPERFICIE) | D19: M² | E19: 36497.18 | F19: 20 | G19: 729943.6
B20: 6.2 | C20: SUMINISTRO E INSTALACION DE SUMINISTRO E INSTALACION DE PISO EN CERAMICA REF: 907012771 (EN BAÑOS A INTERVENIR.) | D20: M² | E20: 119671.9 | F20: 20 | G20: 2393438
B21: 6.3 | C21: SUMINISTRO E INSTALACION DE CERAMICA DE PARED REF: 755039031 (INCLUYE RESANE DEL PAÑETE EXISTENTE Y PIRAGUA EN ALUMINIO BLANCO EN LOS FILOS) (EN LOS BAÑOS A INTERVENIR.) | D21: M² | E21: 70875.73 | F21: 60 | G21: 4252543.8
B22: 7 | C22: CIELO RASO | H22: 2131047.6
B23: 7.1 | C23: SUMINISTRO E INSTALACIÓN DE CIELO RASO PVC 10 MM (INCLUYE ESTRUCTURA Y COMPUERTAS PARA INSPECCION) Y TODOS LOS ACCESORIOS PARA SU CORRECTA INSTALACIÓN | D23: M² | E23: 106552.38 | F23: 20 | G23: 2131047.6
B24: 8 | C24: APARATOS SANITARIOS Y ACCESORIOS | H24: 7085244.5
B25: 8.1 | C25: SUMINISTRO E INSTALACIÓN DE SANITARIO DE UNA PIEZA ARO ALONGADO ALTO 71 CM MATERIAL PORCELANA SANITARIA ANCHO 35 CM AHORRO DE AGUA TIPO DE DESCARGA DOBLE SISTEMA DE DESCARGA BOTON | D25: Un | E25: 533318.33 | F25: 6 | G25: 3199910
B26: 8.2 | C26: SUMINISTRO E INSTALACIÓN DE LAVAMANOS DE SOBREPONER OVALADO BLANCO 39X32,5X14 CM INCLUYE GRIFERIA MONOCONTROL MATERIAL ACERO - ABS ALTO 29CM | D26: Un | E26: 381723.56 | F26: 6 | G26: 2290341.4
B27: 8.3 | C27: SUMINISTRO E INSTALACIÓN DE GRIFERÍA DUCHA 8 PULGADAS (20CM LARGO) | D27: Un | E27: 113956.1 | F27: 6 | G27: 683736.6
B28: 8.4 | C28: SUMINISTRO E INSTALACIÓN DE TAPA REGISTROS 20 X 20 CM PLÁSTICAS | D28: Un | E28: 29303.82 | F28: 6 | G28: 175822.92
B29: 8.5 | C29: SUMINISTRO E INSTALACIÓN DE REJILLA PLÁSTICA SOSCO 3 X 2 | D29: Un | E29: 14489.4 | F29: 6 | G29: 86936.4
B30: 8.6 | C30: SUMINISTRO E INSTALACIÓN DE JABONERA DE PORCELANA | D30: Un | E30: 60971.54 | F30: 6 | G30: 365829.24
B31: 8.7 | C31: SUMINISTRO E INSTALACIÓN TOALLERO METALICO TERMINACION EN CROMO | D31: Un | E31: 47111.33 | F31: 6 | G31: 282667.98
B32: 9 | C32: INSTALACIONES ELECTRICAS | H32: 20535994
B33: 9,1- | C33: SUMINISTRO INSTALACIÓN Y PUESTA EN SERVICIO DE TOMACORRIENTE DOBLE MONOFÁSICA 15A./120V.(1Ø+N+PT) CON PROTECCIÓN POR FALLA A TIERRA (GFCI) (RED NORMAL), INCLUYE TUBERÍA PVC 3/4", SALIDA EN CABLEADO (PE, HF, FR, LS, LIBRE DE HALÓGENOS, RETARDANTE A LA LLAMA, BAJA EMISIÓN DE HUMOS) ACCESORIOS NECESARIOS PARA GARANTIZAR SU CORRECTA INSTALACIÓN Y PUESTA EN SERVICIO. | D33: Un | E33: 83459.92 | F33: 6 | G33: 500759.52
B34: 9.2 | C34: INSTALACION A TODO COSTO TUBERÍA PVC 1/2" X 3 MTS PARA PUNTOS ELÉCTRICO EN CIELO RASO DRYWALL Y ALAMBRADO SEGÚN NORMA RETIE + ACCESORIOS. (NO INCLUYE ALAMBRADO) + TRANSPORTE. | D34: ML | E34: 13339.23 | F34: 60 | G34: 800353.8
B35: 9.3 | C35: INSTALACION A TODO COSTO ALAMBRADO DE PUNTOS Y RED LIBRE DE ALUROGENOS # 12, CON RECUBRIMIENTO POR COLOR BLANCO, INCLUYE INSTALACIÓN Y DEMÁS ACCESORIOS SEGÚN NORMA RETIE + TRANSPORTE. | D35: ML | E35: 12129.51 | F35: 420 | G35: 5094394.2
B36: 9.4 | C36: INSTALACION A TODO COSTO ALAMBRADO DE PUNTOS Y RED LIBRE DE ALUROGENOS # 12, CON RECUBRIMIENTO POR COLOR ROJO , INCLUYE INSTALACIÓN Y DEMÁS ACCESORIOS SEGÚN NORMA RETIE + TRANSPORTE. | D36: ML | E36: 12129.51 | F36: 420 | G36: 5094394.2
B37: 9.5 | C37: INSTALACION A TODO COSTO ALAMBRADO DE PUNTOS Y RED LIBRE DE ALUROGENOS # 12, CON RECUBRIMIENTO POR COLOR VERDE , INCLUYE INSTALACIÓN Y DEMÁS ACCESORIOS SEGÚN NORMA RETIE + TRANSPORTE. | D37: ML | E37: 12129.51 | F37: 420 | G37: 5094394.2
B38: 9.6 | C38: ADECUACIÓN A TODO COSTO INSTALACIÓN DE INTERRUPTOR SENCILLO LÍNEA ARQUEA PREARMADA DE IGUAL O SUPERIORES CARACTERÍSTICAS TÉCNICAS PREVIAMENTE AUTORIZADAS POR LA SUPERVISIÓN, SEGÚN NORMA RETIE, INCLUYE ASEO Y TRANSPORTE. | D38: UN | E38: 40962.75 | F38: 6 | G38: 245776.5
B39: 9.7 | C39: INSTALACIÓN A TODO COSTO DE TOMACORRIENTE DOBLE CON POLO A TIERRA (2P+T) LÍNEA ARQUEA PREARMADA DE IGUAL O SUPERIORES CARACTERÍSTICAS TÉCNICAS PREVIAMENTE AUTORIZADAS POR LA SUPERVISIÓN, SEGÚN NORMA RETIE, INCLUYE ASEO Y TRANSPORTE. | D39: UN | E39: 26905.05 | F39: 24 | G39: 645721.2
B40: 9.8 | C40: INSTALACIÓN A TODO COSTO DE PANEL LED INTEGRADO REDONDO DE INCRUSTAR 18W 22,5 CM, DE IGUAL O SUPERIORES CARACTERÍSTICAS TÉCNICAS PREVIAMENTE AUTORIZADAS POR LA SUPERVISIÓN LUZ BLANCA Y/O AMARILLA, SEGÚN NORMA RETIE, INCLUYE ASEO Y TRANSPORTE. | D40: UN | E40: 40697.03 | F40: 6 | G40: 244182.18
B41: 9.9 | C41: SIPS BOMBILLO LED 4 ASPAS ESCUALIZABLE 50W6500K | D41: UN | E41: 82189.38 | F41: 12 | G41: 986272.56
B42: 9.1 | C42: SUMINISTRO INSTALACIÓN Y PUESTA EN SERVICIO DE SALIDA CON Extractor Ministyle 14 cm x 14 cm, 10.3W, TENSIÓN DE OPERACIÓN 120V, INCLUYE CABLEADO, DUCTERIA, CAJAS, CURVAS Y TODO LO NECESARIO PARA SU CORRECTO FUNCIONAMIENTO. | D42: Un | E42: 194707.31 | F42: 6 | G42: 1168243.9
B43: 9.11 | C43: SUMINISTRO INSTALACIÓN Y PUESTA EN SERVICIO DE INTERRUPTOR SENCILLO CONMUTABLE, INCLUYE SALIDA EN CABLEADO (PE, HF, FR, LS, LIBRE DE HALÓGENOS, RETARDANTE A LA LLAMA, BAJA EMISIÓN DE HUMOS), TUBERÍA PVC 3/4" Y TODOS LOS ACCESORIOS NECESARIOS PARA GARANTIZAR SU CORRECTA INSTALACIÓN Y PUESTA EN SERVICIO. | D43: Un | E43: 55125.17 | F43: 12 | G43: 661502.04
B44: 10 | C44: CARPINTERIA EN MADERA | H44: 11249237
B45: 10.1 | C45: PUERTA EN MADERA CON ACABADOS EN MELAMINICO COLOR A DEFINIR, CON 2 DILATACIONES EN FONDO INCLUYE MARCO EN EL MISMO MATERIAL, CHAPA Y TOPE MEDIA LUNA | D45: M2 | E45: 502771.93 | F45: 18 | G45: 9049894.7
B46: 10.2 | C46: SUMINISTRO E INSTALACIÓN MUEBLE DE LAVAMANOS CON ENTREPAÑO EN MADECOR RH DE 15 MM ENCHAPADO EN FORMICA EN SU INTERIOR Y EN EL EXTERIOR ENCHAPADO EN FORMICA COLOR POR DEFINIR, CON MESÓN EN MÁRMOL GRANITO PULIDO COLOR POR DEFINIR INCLUYE SALPICADERO DE 0,15M DE ALTURA, INSTALACIÓN SUSPENDIDA + ENTREPAÑO, ACCESORIOS, ELEMENTOS DE FIJACIÓN Y TODO LO DEMÁS PARA SU CORRECTO FUNCIONAMIENTO. | D46: ML | E46: 733114.04 | F46: 3 | G46: 2199342.1
B47: 11 | C47: MAMPOSTERIA | H47: 1411416.9
B48: 11.1 | C48: PAÑETE IMPERMEABILIZADO MUROS 1:3 - E= 15 MM. INCLUYE SU APLICACIÓN EN FILOS Y DILATACIONES" | D48: M² | E48: 26137.35 | F48: 54 | G48: 1411416.9
B49: 12 | C49: VIDRIOS Y ESPEJOS | H49: 718228.52
B50: 12.1 | C50: SUMINISTRO E INSTALACION DE ESPEJO BISELADO E= 4 MM (FLOTADO EN MURO) | D50: M² | E50: 239356.77 | F50: 0.84 | G50: 201059.69
B51: 12.2 | C51: SUMINISTRO INSTALACIÓN DE DIVISIONES PARA DUCHA EN VIDRIO TEMPLADO BISELADO Y SANDBLASTING INCLUYE HERRAJES Y ACCESORIOS EN ACERO INOXIDABLE PARA SU CORRECTO FUNCIONAMIENTO. | D51: M² | E51: 517168.83 | F51: 1 | G51: 517168.83
B52: 13 | C52: INSTALACIONES HIDROSANITARIAS | H52: 1928519.1
B53: 13.1 | C53: SUMINISTRO E INSTALACIÓN DE PUNTO DE AGUA FRIA Ø 1/2" , INCLUYE ACCESORIOS PARA SU CORRECTA INSTALACIÓN. | D53: Un | E53: 47526.99 | F53: 12 | G53: 570323.88
B54: 13.2 | C54: SUMINISTRO E INSTALACIÓN DE PUNTO SANITARIO Ø 2" , INCLUYE ACCESORIOS PARA SU CORRECTA INSTALACION | D54: Un | E54: 55726.32 | F54: 6 | G54: 334357.92
B55: 13.3 | C55: SUMINISTRO E INSTALACION DE REGISTRO DE AGUA INCLUYE TAPA Y CAJA Ø 1/2" | D55: Un | E55: 94812.71 | F55: 6 | G55: 568876.26
B56: 13.4 | C56: SUMINISTRO E INSTALACIÓN DE SIFÓN Ø 3X2", INCLUYE ACCESORIOS PARA SU CORRECTA INSTALACION | D56: Un | E56: 47935.76 | F56: 6 | G56: 287614.56
B57: 13.5 | C57: SUMINISTRO E INSTALACIÓN DE TUBERÍA PVC PRESIÓN RDE 13.5 Ø 1/2", INCLUYE ACCESORIOS PARA SU CORRECTA INSTALACIÓN. | D57: Ml | E57: 16734.65 | F57: 10 | G57: 167346.5
B58: TOTAL COSTOS DIRECTOS | H58: 52435613
B59: ADMINISTRACIÓN % | D59: A | F59: 0.272 | H59: 14262487
B60: IMPREVISTOS % | D60: I | F60: 0.01 | H60: 524356.13
B61: UTILIDADES % | D61: U | F61: 0.04 | H61: 2097424.5
B62: IVA SOBRE UTILIDAD | D62: % | F62: 0.19 | H62: 398510.66
B63: TOTAL COSTOS INDIRECTOS (A.I.U)+ IVA SOBRE UTILIDAD | H63: 17282778
B64: VALOR TOTAL OBRAS CIVILES | H64: 69718391
E67: DESTINACION | F67: TOTAL PRESUPUESTO ASIGNADO POR RUBRO -SOBREPASAR EL VALOR DEL PRESUPUESTO ASIGNADO SERÁ CAUSAL DE RECHAZO | G67: TOTAL OFERTA POR DESTINACION
E68: MANTENIMIENTO Y ADECUACIÓN SHELTERS OMEGA | F68: 70000000 | G68: 69718391
B71: NOTA 1: EL PROPONENTE NO PODRÁ SOBREPASAR EL VALOR TOTAL ASIGNADO Y/O POR RUBRO Y/O DESTINO Y/O UNA VEZ REALIZADA CORRECCIÓN ARITMÉTICA POR PARTE DEL COMITÉ EVALUADOR ECONÓMICO, SO PENA DE RECHAZO
B73: NOTA 2. LA ADMINISTRACIÓN ADJUNTA "ANEXO - OFERTA ECONÓMICA" EN ARCHIVO EXCEL PARA FACILIDAD EN EL DILIGENCIAMIENTO POR PARTE DE LOS PROPONENTES, SIN EMBARGO SE ACLARA QUE ES RESPONSABILIDAD DEL MISMO LA INFORMACIÓN CONTENIDA EN EL ANEXO, POR LO QUE E SU DEBER VERIFICAR LOS DATOS REGISTRADOS (DESCRIPCIONES, CANTIDADES, FÓRMULAS Y DEMÁS NECESARIOS), LOS CUALES DEBERÁN CONCORDAR CON LO ESTABLECIDO EN EL ANEXO TÉCNICO
B76: _____________________________________________________________ [Firma representante legal del Proponente o del Proponente persona natural] Nombre: FABIO GARZON DAZA Cargo: ARQUITECTO Documento de Identidad: 19,336,660 de Bogota
